Workbook
Name Category: '[1]DOER reference'!$M$1:$M$7
Name Category: 'DOER reference'!$M$1:$M$7
Name CY_2000: [2]source!#REF!
Name CY_2000: [2]source!#REF!
Name CY_2000: [2]source!#REF!
Name CY_2000: [2]source!#REF!
Name ECMs: '[1]Crit 3 - ECMs'!$C$6:$C$19
Name ECMs: 'Crit 3 - ECMs'!$C$6:$C$19
Name ECMstatus: '[1]Crit 3 - ECMs'!$C$22:$C$25
Name ECMstatus: 'Crit 3 - ECMs'!$C$22:$C$25
Name FY_2000: [2]source!#REF!
Name FY_2000: [2]source!#REF!
Name FY_2000: [2]source!#REF!
Name FY_2000: [2]source!#REF!
Name FY_2001: [2]source!#REF!
Name FY_2001: [2]source!#REF!
Name FY_2001: [2]source!#REF!
Name FY_2001: [2]source!#REF!
Name GalDiesel_MMBTU: [1]Reference!$A$10
Name GalDiesel_MMBTU: Reference!$A$10
Name GalFuelOil_MMBTU: [1]Reference!$A$7
Name GalFuelOil_MMBTU: Reference!$A$7
Name GalGasoline_MMBTU: [1]Reference!$A$9
Name GalGasoline_MMBTU: Reference!$A$9
Name GalPropane_MMBTU: [1]Reference!$A$8
Name GalPropane_MMBTU: Reference!$A$8
Name kwh_MMBTU: [1]Reference!$A$5
Name kwh_MMBTU: Reference!$A$5
Name ListDriveSystem: '[1]DOER reference'!$H$1:$H$4
Name ListDriveSystem: 'DOER reference'!$H$1:$H$4
Name ListExempt: '[1]DOER reference'!$J$1:$J$3
Name ListExempt: 'DOER reference'!$J$1:$J$3
Name ListOver8500: '[1]DOER reference'!$I$1:$I$4
Name ListOver8500: 'DOER reference'!$I$1:$I$4
Name ListStretch: 'DOER reference'!$K$1:$K$4
Name ListYN: '[1]DOER reference'!$F$1:$F$3
Name ListYN: 'DOER reference'!$F$1:$F$3
Name Procuring.Energy.Output: '[3]DOER reference'!$P$20:$P$24
Name Procuring.Energy.Output: 'DOER reference'!$P$20:$P$24
Name Procuring.Energy.Output.: 'DOER reference'!$P$20:$P$24
Name Project.Status: '[4]Drop Downs'!$J$2:$J$5
Name Resource.Type: '[4]Drop Downs'!$A$2:$A$11
Name ResourceType.: '[3]DOER reference'!$J$20:$J$29
Name ResourceType.: 'DOER reference'!$J$20:$J$29
Name Site.Type: '[4]Drop Downs'!$C$2:$C$10
Name SiteType.: '[3]DOER reference'!$L$20:$L$28
Name SiteType.: 'DOER reference'!$L$20:$L$28
Name Status: '[3]DOER reference'!$S$20:$S$23
Name Status: 'DOER reference'!$S$20:$S$23
Name therms_MMBTU: [1]Reference!$A$6
Name therms_MMBTU: Reference!$A$6
Name year: [2]source!$A$2:$A$29
Name Years: '[1]DOER reference'!$G$1:$G$19
Name Years: 'DOER reference'!$G$1:$G$12

Sheet ICF
A1: C3 - Uses MEI | B1: Please provide the date the information in MassEnergyInsight was last verified. By including a date, you are confirming that the information in MEI is accurate and complete (including all fuels and renewable energy) and that you wish to report your Green Community annual energy usage directly through MEI. REMEMBER to load all diesel, gasoline, heating oil and propane energy usage, as well as renewable energy usage that is NOT virtually net-metered, into MEI prior to providing a date that your data is complete. Also, confirm that Table 3 in MEI matches the data provided in Table 2.
A2: C3 - No MEI | B2: Please complete “Crit 3 - Tbl 3 Non-MEI User Only."
A4: RSD | B4: To include a percentage of the energy use of a Regional School District, please include that prorated usage as a separate entry in lines 17 and 21 of Table 2: Enter here the % you are using to prorate the energy usage (i.e. the percentage of the RSD funding that the municipality contributes). Contact your Regional Coordinator if you need assistance.
A6: EMS | B6: Your EMS annual report may be used to fulfill your Green Communities Annual Report Table 4 requirement. Please provide the date it was filed with DOER, or the date it will be filed if filing is anticipated in the next six months. Other efficiency measures undertaken independently of the performance contract should be reported using Table 4. All other portions of the Green Communities Annual Report must be completed.
A8: Bld Stck Chg | B8: Please describe any building stock changes that have occurred since your last Annual Report, or Designation Appliction (if first Annual Report). Include the year and whether any changes are a replacement, addition, removal or renovation. The adjustments to energy usage should be entered on Table 2, Lines 16 and 20. You may use the Building Stock Changes Calculator provided.

Sheet General Instructions 
C2: GREEN COMMUNITY ANNUAL REPORT
C3: Annual Report Tab Coloring Key
D4: Community input required
D5: Examples
D6: Guidance
C7: 1) In order for a municipality to maintain its Green Community Designation and be eligible for the next available Green Communities Competitive Grant, reports must be submitted no later than 5:00 PM November 6, 2020 for the reporting period July 1, 2019 – June 30, 2020
C9: Late reports WILL deem a community ineligible for the 2021 Competitive Grant.
C10: 2) Please be certain to address all areas in full. If certain requested information does not apply, then please note it as “N/A."
C11: 3) Please follow the instruction for reporting on each Criteria on the individual Criterion Excel Sheets.
C12: 4) If you have any questions on these reporting requirements, contact your DOER Green Communities Regional Coordinator (RC). The objective is to have a dialogue with Green Communities staff BEFORE the report is due so that minimal follow-up with the municipality is required after the due date.
C15: 5) Submit your community's full Excel file electronically as Excel via email with any other supporting files to Grant Administrator Jane Pfister - jane.pfister@mass.gov and your Regional Coordinator. This page must be signed, made into a PDF, and submitted as a separate file. Please submit only one Excel file for the annual report. DOER will not accept multiple spreadsheets
C16: 6) NOTE: In the case of any criteria violations( e.g. a vehicle purchased that does not meet the fuel efficient vehicle policy), the municipality will be asked to provide a corrective action plan. A first-time violation will be factored into consideration when DOER awards funds under the next available Green Communities funding opportunity. A second violation may prohibit the municipality from being eligible for any funds in the next available Green Communities funding opportunity.
C19: 8) Fields highlighted in yellow should be completed by Green Communities.
C21: 9) Review the "AR Compliance Checklist" tab and ensure that no items are missing. If any items cannot be provided please offer an explanation.
C22: =IF(SUM('AR Compliance Checklist'!$F$13:$F$66)>0,"Annual Report is not complete. Please review the AR Compliace Checklist.","Annual Report is complete.") -> Annual Report is complete.
C25: Date Designated: | D25: 42767 | E25: PLEASE NOTE: For a municipality designated December 2018, the reporting period is 18 months, Jan 1, 2019 - June 30 2020
C27: Date of Annual Report Submission
C29: Name of Preparer of Annual Report | D29: Fred Davis
C30: Title | D30: Chair, Medfield Energy Committee
C31: Municipality Name | D31: Town of Medfield
C33: I confirm that I have reviewed this report and verify all information is true.
C34: Signature of Chief Executive Officer | E34: The Chief Executive Officer is defined as the manager in any city having a manager and in any town having a city form of government, the mayor in any other city, and the board of selectmen in any other town unless some other officer or body is designated to perform the functions of a chief executive officer under the provisions of a local charter or laws having the force of a charter. Any signatures of designees will be considered an attestation that the signatory has been designated the designee by the municipality.

Sheet AR Compliance Checklist
C3: GREEN COMMUNITY ANNUAL REPORT
C4: Required Values
C6: All values that are required to be reported in this annual report are listed here. If an input appears in red, the "Note" column will explain which cell or cells are missing a value. Click the input item name to go to the item in the corresponding input tab. Prior to submitting this annual report please review this tab to make sure no required items are missing. If any item cannot be completed, please provide an explanation.
P7: <Select YES or NO>
P8: Yes
P9: No
C10: Inputs
C11: Overall Annual Report Status | D11: =IF(SUM($F$13:$F$66)>0,"Annual Report is not complete. Please complete missing items or provide explenations.","Annual Report is complete") -> Annual Report is complete
C12: Tab | D12: Item | E12: Status | G12: Note | H12: Explanation
C13: Crit 1 & 2 | D13: Type of as-of-right siting approval received | E13: =IF('Crit 1 & 2'!H4="","Missing","Complete") -> Complete | F13: =IF(AND(E13="Missing",H13=""),1,0) -> 0 | G13: =IF(E13="MISSING","Please select an option from the drop down in cell H4","")
D14: Type of expedited permitting approval received | E14: =IF('Crit 1 & 2'!H6="","Missing","Complete") -> Complete | F14: =IF(AND(E14="Missing",H14=""),1,0) -> 0 | G14: =IF(E14="MISSING","Please select an option from the drop down in cell H6","")
D15: 1) Have any significant changes been made to the zoning district(s) for which the community received Green Communities designation? | E15: =IF(OR('Crit 1 & 2'!L8="<Select YES or NO>",'Crit 1 & 2'!L8=""),"Missing","Complete") -> Complete | F15: =IF(AND(E15="Missing",H15=""),1,0) -> 0 | G15: =IF(E15="MISSING","Please select yes or no in cell L8","")
D16: 2) Have any significant changes been made to site plan, design, or other development review criteria or any permit review procedures that would impact the ability to permit qualifying clean energy uses as-of-right and in a timely manner? | E16: =IF(OR('Crit 1 & 2'!L10="<Select YES or NO>",'Crit 1 & 2'!L10=""),"Missing","Complete") -> Complete | F16: =IF(AND(E16="Missing",H16=""),1,0) -> 0 | G16: =IF(E16="MISSING","Please select yes or no in cell L10","")
D17: 3) Since your last Annual Report, or Designation Application (if first Annual Report) have any clean energy projects applied for approval under the zoning for which the community received Green Community Designation? Have any clean energy project been approved for construction? | E17: =IF(OR('Crit 1 & 2'!L16="<Select YES or NO>",'Crit 1 & 2'!L16=""),"Missing","Complete") -> Complete | F17: =IF(AND(E17="Missing",H17=""),1,0) -> 0 | G17: =IF(E17="MISSING","Please select yes or no in cell L16","")
D18: Table 1 | E18: =IF(AND('Crit 1 & 2'!L16="Yes",'Crit 1 & 2'!C23=""),"Missing","Complete") -> Complete | F18: =IF(AND(E18="Missing",H18=""),1,0) -> 0 | G18: =IF(E18="Missing","Please complete Table 1","")
C19: Crit 3 - Overview | D19: Is Regional School District (RSD) energy included? | E19: =IF('Crit 3 - Overview'!L15='AR Compliance Checklist'!$P$7,"Missing","Complete") -> Complete | F19: =IF(AND(E19="Missing",H19=""),1,0) -> 0 | G19: =IF(E19="MISSING","Please select yes or no in cell L15","")
D20: What is the name of the RSD? | E20: =IF(AND('Crit 3 - Overview'!L15="Yes",'Crit 3 - Overview'!L16=""),"Missing","Complete") -> Complete | F20: =IF(AND(E20="Missing",H20=""),1,0) -> 0 | G20: =IF(E20="MISSING","Please enter the RSD name in cell L16","")
D21: How is RSD energy included? | E21: =IF(AND('Crit 3 - Overview'!$L$15="Yes",'Crit 3 - Overview'!L17=""),"Missing","Complete") -> Complete | F21: =IF(AND(E21="Missing",H21=""),1,0) -> 0 | G21: =IF(E21="MISSING","Please select Percentage or Buildings in cell L17","")
D22: % or names of RSD building energy included | E22: =IF(AND('Crit 3 - Overview'!$L$15="Yes",'Crit 3 - Overview'!L18=""),"Missing","Complete") -> Complete | F22: =IF(AND(E22="Missing",H22=""),1,0) -> 0 | G22: =IF(E22="MISSING","Please enter a value in cell L18","")
D23: Does the community use MEI? | E23: =IF('Crit 3 - Overview'!L22='AR Compliance Checklist'!$P$7,"Missing","Complete") -> Complete | F23: =IF(AND(E23="Missing",H23=""),1,0) -> 0 | G23: =IF(E23="MISSING","Please select yes or no in cell L22","")
D24: Date MEI was last verified | E24: =IF(AND('Crit 3 - Overview'!L22="YES",'Crit 3 - Overview'!L23=""),"Missing","Complete") -> Complete | F24: =IF(AND(E24="Missing",H24=""),1,0) -> 0 | G24: =IF(E24="MISSING","Please enter a date in cell L23","")
D25: Does the community use an EMS Agreement? | E25: =IF('Crit 3 - Overview'!L29='AR Compliance Checklist'!$P$7,"Missing","Complete") -> Complete | F25: =IF(AND(E25="Missing",H25=""),1,0) -> 0 | G25: =IF(E25="MISSING","Please select yes or no in cell L29","")
D26: Date EMS filed with DOER | E26: =IF(AND('Crit 3 - Overview'!L29="Yes",'Crit 3 - Overview'!L31=""),"Missing","Complete") -> Complete | F26: =IF(AND(E26="Missing",H26=""),1,0) -> 0 | G26: =IF(E26="MISSING","Please enter a date in cell L31","")
D27: Does the community use conventionally net meter renewable energy produced within the community? | E27: =IF('Crit 3 - Overview'!L34='AR Compliance Checklist'!$P$7,"Missing","Complete") -> Complete | F27: =IF(AND(E27="Missing",H27=""),1,0) -> 0 | G27: =IF(E27="MISSING","Please select yes or no in cell L34","")
D28: Brief narrative of changes seen and anticipated. | E28: =IF('Crit 3 - Overview'!E43="","Missing","Complete") -> Complete | F28: =IF(AND(E28="Missing",H28=""),1,0) -> 0 | G28: =IF(E28="MISSING","Please provide a narrative for #6","")
D29: Has the community had any building stock changes since it's baseline year? | E29: =IF('Crit 3 - Overview'!L51='AR Compliance Checklist'!$P$7,"Missing","Complete") -> Complete | F29: =IF(AND(E29="Missing",H29=""),1,0) -> 0 | G29: =IF(E29="MISSING","Please select yes or no in cell L51","")
D30: Have any building stock changes occurred since your last Annual Report? | E30: =IF('Crit 3 - Overview'!L53='AR Compliance Checklist'!$P$7,"Missing","Complete") -> Complete | F30: =IF(AND(E30="Missing",H30=""),1,0) -> 0 | G30: =IF(E30="MISSING","Please select yes or no in cell L53","")
D31: Building stock change narrative | E31: =IF(AND('Crit 3 - Overview'!L53="Yes",'Crit 3 - Overview'!E56=""),"Missing","Complete") -> Complete | F31: =IF(AND(E31="Missing",H31=""),1,0) -> 0 | G31: =IF(E31="MISSING","Please provide a narrative for #7","")
C32: Building Stock Change Calculator | D32: Building stock change calculator complete for all building stock changes that have occurred since the baseline year | E32: =IF(AND('Crit 3 - Overview'!L51="Yes",'Building Stock Change Calculato'!D13="BUILDING ONE"),"Missing","Complete") -> Complete | F32: =IF(AND(E32="Missing",H32=""),1,0) -> 0 | G32: =IF(E32="MISSING","Please complete the building stock change calculator","")
C33: Crit 3 - Table 2 Progress | D33: Does the Community use Calendar Year (CY) or Fiscal Year (FY)? | E33: =IF('Crit 3 - Table 2 Progress'!H6="Select CY or FY","Missing","Complete") -> Complete | F33: =IF(AND(E33="Missing",H33=""),1,0) -> 0 | G33: =IF(E33="MISSING","Please select CY or FY in cell H6","")
D34: Baseline Year | E34: =IF('Crit 3 - Table 2 Progress'!D10="","Missing","Complete") -> Complete | F34: =IF(AND(E34="Missing",H34=""),1,0) -> 0 | G34: =IF(E34="MISSING","Please enter the baseline year in cell D10","")
D35: Building Stock Change Adjustment - Current year | E35: =IF(AND('Crit 3 - Overview'!L51="Yes",OR('Crit 3 - Table 2 Progress'!G17=0,'Crit 3 - Table 2 Progress'!G17="")),"Missing","Complete") -> Complete | F35: =IF(AND(E35="Missing",H35=""),1,0) -> 0 | G35: =IF(E35="MISSING","Please complete the building stock change calculator","")
D36: Regional School Prorated - Baseline year | E36: =IF(AND('Crit 3 - Overview'!L15="Yes",OR('Crit 3 - Table 2 Progress'!D18="",'Crit 3 - Table 2 Progress'!D18=0)),"Missing","Complete") -> Complete | F36: =IF(AND(E36="Missing",H36=""),1,0) -> 0 | G36: =IF(E36="MISSING","Please enter the prorated RSD energy consumption for the baseline year in cell D18","")
D37: Regional School Prorated - Current Year | E37: =IF(AND('Crit 3 - Overview'!L15="Yes",OR('Crit 3 - Table 2 Progress'!G18="",'Crit 3 - Table 2 Progress'!G18=0)),"Missing","Complete") -> Complete | F37: =IF(AND(E37="Missing",H37=""),1,0) -> 0 | G37: =IF(E37="MISSING","Please enter the prorated RSD energy consumption for the current year in cell G18","")
D38: TOTAL ENERGY CONSUMPTION (NO Weather Normalization) - Baseline year | E38: =IF(OR('Crit 3 - Table 2 Progress'!D19="",'Crit 3 - Table 2 Progress'!D19=0),"Missing","Complete") -> Complete | F38: =IF(AND(E38="Missing",H38=""),1,0) -> 0 | G38: =IF(E38="MISSING","Please enter all energy consumption for the baseline year in Table 2","")
D39: TOTAL ENERGY CONSUMPTION (NO Weather Normalization) - Current year | E39: =IF(OR('Crit 3 - Table 2 Progress'!G19="",'Crit 3 - Table 2 Progress'!G19=0),"Missing","Complete") -> Complete | F39: =IF(AND(E39="Missing",H39=""),1,0) -> 0 | G39: =IF(E39="MISSING","Please enter all energy consumption for the current year in Table 2","")
D40: Weather Normalized Consumption (without building stock adjustment) - Baseline year | E40: =IF(OR('Crit 3 - Table 2 Progress'!D20="",'Crit 3 - Table 2 Progress'!D20=0),"Missing","Complete") -> Complete | F40: =IF(AND(E40="Missing",H40=""),1,0) -> 0 | G40: =IF(E40="MISSING","Please enter the total weather normalized energy consumption for the baseline year in cell D20","")
D41: Weather Normalized Consumption (without building stock adjustment) - Current year | E41: =IF(OR('Crit 3 - Table 2 Progress'!G20="",'Crit 3 - Table 2 Progress'!G20=0),"Missing","Complete") -> Complete | F41: =IF(AND(E41="Missing",H41=""),1,0) -> 0 | G41: =IF(E41="MISSING","Please enter the total weather normalized energy consumption for the current year in cell G20","")
D42: Building Stock Change Adjustment (weather - normalized) - Current year | E42: =IF(AND('Crit 3 - Overview'!L51="Yes",OR('Crit 3 - Table 2 Progress'!G21=0,'Crit 3 - Table 2 Progress'!G21="")),"Missing","Complete") -> Complete | F42: =IF(AND(E42="Missing",H42=""),1,0) -> 0 | G42: =IF(E42="MISSING","Please complete the building stock change calculator","")
D43: Regional School Prorated (weather-normalized) - Baseline year | E43: =IF(AND('Crit 3 - Overview'!L15="Yes",OR('Crit 3 - Table 2 Progress'!D22="",'Crit 3 - Table 2 Progress'!D22=0)),"Missing","Complete") -> Complete | F43: =IF(AND(E43="Missing",H43=""),1,0) -> 0 | G43: =IF(E43="MISSING","Please enter the weather normalized prorated RSD energy consumption for the baseline year in cell D22","")
D44: Regional School Prorated (weather-normalized) - Current year | E44: =IF(AND('Crit 3 - Overview'!L15="Yes",OR('Crit 3 - Table 2 Progress'!G22="",'Crit 3 - Table 2 Progress'!G22=0)),"Missing","Complete") -> Complete | F44: =IF(AND(E44="Missing",H44=""),1,0) -> 0 | G44: =IF(E44="MISSING","Please enter the weather normalized prorated RSD energy consumption for the current year in cell G22","")
C45: Crit 3 -Tbl 3 for Non-MEI Users | D45: Select plan year | E45: =IF(AND('Crit 3 - Overview'!L22="No",'Crit 3 -Tbl 3 for Non-MEI Users'!D5="<Select Year>"),"Missing","Complete") -> Complete | F45: =IF(AND(E45="Missing",H45=""),1,0) -> 0 | G45: =IF(E45="MISSING","Please select a plan year in cell D5","")
D46: Subtotal for buildings | E46: =IF('Crit 3 - Overview'!L22="Yes","Complete",(IF(OR('Crit 3 -Tbl 3 for Non-MEI Users'!T14=0,'Crit 3 -Tbl 3 for Non-MEI Users'!T14=""),"Missing","Complete"))) -> Complete | F46: =IF(AND(E46="Missing",H46=""),1,0) -> 0 | G46: =IF(E46="MISSING","Please enter all building energy use in Table 3","")
D47: Total energy consumption | E47: =IF('Crit 3 - Overview'!L22="Yes","Complete",(IF(OR('Crit 3 -Tbl 3 for Non-MEI Users'!T20=0,'Crit 3 -Tbl 3 for Non-MEI Users'!T20=""),"Missing","Complete"))) -> Complete | F47: =IF(AND(E47="Missing",H47=""),1,0) -> 0 | G47: =IF(E47="MISSING","Please enter all energy use in Table 3","")
C48: Crit 3 - Table 4 ECMs | D48: Enter at least one ECM | E48: =IF('Crit 3 - Table 4 ECMs'!D8="","Missing","Complete") -> Complete | F48: =IF(AND(E48="Missing",H48=""),1,0) -> 0 | G48: =IF(E48="MISSING","Please complete Table 4","")
C49: Crit 3 - Table 5 RE | D49: If the community uses renewable energy, complete Table 5 | E49: =IF(AND('Crit 3 - Overview'!L34="Yes",OR('Crit 3 - Table 5 RE'!C8="",'Crit 3 - Table 5 RE'!C8="Sample Data - City Hall ")),"Missing","Complete") -> Missing | F49: =IF(AND(E49="Missing",H49=""),1,0) -> 0 | G49: =IF(E49="MISSING","Please complete Table 5","") -> Please complete Table 5 | H49: Filled in table- unclear why still showing up as missing.
C50: Crit 4 - Vehicle Policies | D50: 1) Replaced an exempt or non-exempt vehicle? | E50: =IF(OR('Crit 4 - Vehicle Policies'!K5="",'Crit 4 - Vehicle Policies'!K5="<Select YES or NO>"),"Missing","Complete") -> Complete | F50: =IF(AND(E50="Missing",H50=""),1,0) -> 0 | G50: =IF(E50="MISSING","Please select a value from the drop down in cell K5","")
D51: 2) Acquired a new exempt or non-exempt vehicle, and/or conducted inter-departmental vehicle transfers? | E51: =IF(OR('Crit 4 - Vehicle Policies'!K7="",'Crit 4 - Vehicle Policies'!K7="<Select YES or NO>"),"Missing","Complete") -> Complete | F51: =IF(AND(E51="Missing",H51=""),1,0) -> 0 | G51: =IF(E51="MISSING","Please select a value from the drop down in cell K7","")
D52: 3) Installed an electric vehicle charging station? | E52: =IF(OR('Crit 4 - Vehicle Policies'!K12="",'Crit 4 - Vehicle Policies'!K12="<Select YES or NO>"),"Missing","Complete") -> Complete | F52: =IF(AND(E52="Missing",H52=""),1,0) -> 0 | G52: =IF(E52="MISSING","Please select yes or no in cell K12","")
D53: 4) Installed idle-reduction technology on any vehicles? | E53: =IF(OR('Crit 4 - Vehicle Policies'!K14="",'Crit 4 - Vehicle Policies'!K14="<Select YES or NO>"),"Missing","Complete") -> Complete | F53: =IF(AND(E53="Missing",H53=""),1,0) -> 0 | G53: =IF(E53="MISSING","Please select yes or no in cell K14","")
D54: 5) Implemented anti-idling technology and/or campaigns? | E54: =IF(OR('Crit 4 - Vehicle Policies'!K16="",'Crit 4 - Vehicle Policies'!K16="<Select YES or NO>"),"Missing","Complete") -> Complete | F54: =IF(AND(E54="Missing",H54=""),1,0) -> 0 | G54: =IF(E54="MISSING","Please select yes or no in cell K16","")
D55: 6) Implemented a driving monitoring system that records miles driven and/or fuel consumption? | E55: =IF(OR('Crit 4 - Vehicle Policies'!K18="",'Crit 4 - Vehicle Policies'!K18="<Select YES or NO>"),"Missing","Complete") -> Complete | F55: =IF(AND(E55="Missing",H55=""),1,0) -> 0 | G55: =IF(E55="MISSING","Please select yes or no in cell K18","")
D56: 7) Implement a fuel use reporting system for operators on fuel efficiency ? | E56: =IF(OR('Crit 4 - Vehicle Policies'!K20="",'Crit 4 - Vehicle Policies'!K20="<Select YES or NO>"),"Missing","Complete") -> Complete | F56: =IF(AND(E56="Missing",H56=""),1,0) -> 0 | G56: =IF(E56="MISSING","Please select yes or no in cell K20","")
D57: 8) Implement any other policies and/or technologies not listed above? | E57: =IF(OR('Crit 4 - Vehicle Policies'!K22="",'Crit 4 - Vehicle Policies'!K22="<Select YES or NO>"),"Missing","Complete") -> Complete | F57: =IF(AND(E57="Missing",H57=""),1,0) -> 0 | G57: =IF(E57="MISSING","Please select yes or no in cell K22","")
D58: Narrative for #8 | E58: =IF(AND('Crit 4 - Vehicle Policies'!K22="Yes",'Crit 4 - Vehicle Policies'!C25=""),"Missing","Complete") -> Complete | F58: =IF(AND(E58="Missing",H58=""),1,0) -> 0 | G58: =IF(E58="MISSING","Please complete the narrative for #8","")
D59: 9) Does the community met Criterion 4 through alternative compliance? | E59: =IF(OR('Crit 4 - Vehicle Policies'!K27="",'Crit 4 - Vehicle Policies'!K27="<Select YES or NO>"),"Missing","Complete") -> Complete | F59: =IF(AND(E59="Missing",H59=""),1,0) -> 0 | G59: =IF(E59="MISSING","Please select yes or no in cell K27","")
D60: Narrative for #9 | E60: =IF(AND('Crit 4 - Vehicle Policies'!K27="Yes",'Crit 4 - Vehicle Policies'!C30=""),"Missing","Complete") -> Complete | F60: =IF(AND(E60="Missing",H60=""),1,0) -> 0 | G60: =IF(E60="MISSING","Please complete the narrative for #9","")
D61: 10) For communities that met Criterion 4 through alternative compliance, provide as a status regarding the success of these programs and policies. | E61: =IF(AND('Crit 4 - Vehicle Policies'!K27="Yes",'Crit 4 - Vehicle Policies'!C34=""),"Missing","Complete") -> Complete | F61: =IF(AND(E61="Missing",H61=""),1,0) -> 0 | G61: =IF(E61="MISSING","Please complete the narrative for #10","")
C62: Crit 4 - Vehicle Inventory | D62: If the community replaced an exempt or non-exempt vehicle during FY fill out Table 6 (Acquistions and Retirements) | E62: =IF(AND('Crit 4 - Vehicle Policies'!K5="Yes",OR('Crit 4- Table 6 Vehicle Inv'!D9="",'Crit 4- Table 6 Vehicle Inv'!D8="<Select YES or NO>")),"Missing","Complete") -> Complete | G62: =IF(E62="MISSING","Please complete Table 6","")
D63: If the community has acquired a new vehicle or transferred a vehicle in the FY fill out Table 6 (Acquisitions) | E63: =IF(AND('Crit 4 - Vehicle Policies'!K7="Yes",OR('Crit 4- Table 6 Vehicle Inv'!D9="",'Crit 4- Table 6 Vehicle Inv'!D9="<Select YES or NO>")),"Missing","Complete") -> Complete | F63: =IF(AND(E63="Missing",H63=""),1,0) -> 0 | G63: =IF(E63="MISSING","Please complete Table 6","")
C64: Crit 5 - Stretch Code compliance | D64: Is the stretch code still in effect? | E64: =IF(OR('Crit 5 - Stretch Code complianc'!I5="",'Crit 5 - Stretch Code complianc'!I5="<Select Yes or No>"),"Missing","Complete") -> Complete | F64: =IF(AND(E64="Missing",H64=""),1,0) -> 0 | G64: =IF(E64="MISSING","Please select yes or no in cell I5","")
D65: Were any residential occupancy permits issued since your last Annual Report or Designation Application (if first Annual Report)? | E65: =IF(OR('Crit 5 - Stretch Code complianc'!I8="",'Crit 5 - Stretch Code complianc'!I8="<Select Yes or No>"),"Missing","Complete") -> Complete | F65: =IF(AND(E65="Missing",H65=""),1,0) -> 0 | G65: =IF(E65="MISSING","Please select yes or no in cell I8","")
D66: How many occupancy permits were issued for new commercial construction over 100,000 sq.ft.? | E66: =IF('Crit 5 - Stretch Code complianc'!I11="<select one>","Missing","Complete") -> Complete | F66: =IF(AND(E66="Missing",H66=""),1,0) -> 0 | G66: =IF(E66="MISSING","Please select a value from the drop down in cell I11","")

Sheet Crit 1 & 2
C3: Criteria 1 and 2
C4: Type of as-of-right siting approval received: | H4: Generation; Solar
C6: Type of expedited permitting approval received: | H6: Local
C8: REGULATIONS (zoning & permitting): 1) Since your last Annual Report, or Green Communities Designation Application (if first Annual Report) Have any significant changes been made to the zoning district(s) for which the community received Green Communities designation? Significant changes, such as changes to the geographic extent of the district, allowed uses, and dimensional requirements, would impact the ability to construct a qualifying clean energy use in the district. Overlay districts, such as water protection districts that impose special permitting requirements, count as significant changes. If yes, submit the same documentation required for designation for CR1 to verify that you still meet the requirements (applicable sections of the zoning by-law, definitions, as well as a revised zoning map.) Select YES or NO in the dropdown on the right. | L8: NO
C10: 2) Have any significant changes been made to site plan, design, or other development review criteria or any permit review procedures that would impact the ability to permit qualifying clean energy uses as-of-right and in a timely manner? Significant changes would be anything that pertains to the “by-right” nature of the zoning or to the amount of time necessary to review required permits. If yes, attach a letter from municipal counsel that describes the changes, illustrates any potential impact on the siting of clean energy projects, and affirms continued compliance with the Green Communities As-of-Right Zoning and Expedited Permitting criteria. Select YES or NO in the dropdown on the right. | L10: NO
C13: NARRATIVE: No changes were made in FY20.
C15: PERMITTING:
C16: 3) Since your last Annual Report, or Designation Application (if first Annual Report) have any clean energy projects applied for approval under the zoning for which the community received Green Community Designation? Have any clean energy project been approved for construction? | L16: NO
C17: Select YES or NO in the dropdown on the right. If YES, fill out or update Table 1 below:
C20: Table 1 Expedited Permitting Projects During Reporting Year (Please add rows as required)
C21: Click here to view a sample version of this table.
C22: PROJECT NAME | D22: Type (Generation (Capacity), R&D, and/or Manufacturing) | E22: As-of-right designated location | F22: Applicant | G22: Project Description | H22: Status | I22: Date Submitted | J22: Decision Date
C26: To insert additional rows, select this row, right-click, and select "Insert."

Sheet Crit 1 & 2 - Table 1 Sample
C3: Click here to return to Table 1
C5: Table 1: SAMPLE Expedited Permitting Projects
C6: PROJECT NAME | D6: Type (Generation (Capacity), R&D, and/or Manufacturing) | E6: As-of-right designated location | F6: Applicant | G6: Project Description | H6: Status | I6: Date Submitted | J6: Decision Date
C7: Hilltop Wind | D7: Renewable Energy (wind) 9 MW | E7: landfill | F7: Peak Performance, LLC. | G7: Six 1.5 MW wind turbines on 16 acres of land | H7: Project approved | I7: 42675 | J7: 43121

Sheet Crit 3 - Overview
C3: Criterion 3 Instructions: Complete Steps 1-7 Below
C5: 1. Read and complete all questions below.
C7: 2. Complete Table 2: Progress | F7: Go to Table 2
C8: Complete Table 2 for baseline year and reporting year, located 3 tabs to the right. ALL categories are required, with the exception of open space.
C9: Fuel use from all vehicles, including those characterized as exempt AND non-exempt under Criterion 4, must be included.
C10: Renewable Energy is a fuel source and the amount of renewable energy consumed by the Green Community must be included.
C12: If you are using MEI. note that there is a report available (entitled Annual Report Table 2). This contains the data you need to enter into Table 2 . Please review the data in MEI and, if accurate, enter it into Table 2, located 3 tabs to the right. Note also that if you click on the "years" down arrow on that MEI report, you can choose which year is your baseline year.
C14: Regional School District
C15: Does the community include energy from a Regional School District in their total energy consumption? | L15: No
C16: =IF(L15="Yes","What is the name of the Regional School District?","")
C17: =IF(L15="Yes","Does the community prorate energy use from the Regional School Disctrict based on a percentage of total energy consumption, or are only certain buildings included?","")
C18: =IF(AND(L15="Yes",L17="Percentage"),"Please enter the percentage of Regional School District Energy included.",IF(AND(L15="Yes",L17="Buildings"),"Please enter the names of the buildings included.",IF(AND(L15="Yes",L17=""),"Please respond to the question above.","")))
C20: 3. Complete Table 3: Energy Use (NON-MEI Users) | F20: Go to Table 3
C22: Does the community use MassEnergyInsight (MEI) to provide data for Table 2? | L22: Yes
C23: =IF(L22="Yes",ICF!$B$1,IF(L22="No",ICF!$B$2,"")) -> Please provide the date the information in MassEnergyInsight was last verified. By including a date, you are confirming that the information in MEI is accurate and complete (including all fuels and renewable energy) and that you wish to report your Green Community annual energy usage directly through MEI. REMEMBER to load all diesel, gasoline, heating oil and propane energy usage, as well as renewable energy usage that is NOT virtually net-metered, into MEI prior to providing a date that your data is complete. Also, confirm that Table 3 in MEI matches the data provided in Table 2. | L23: 44139
C27: 4. Complete Table 4: Energy Conservation Measures (ECMs) | G27: Go to Table 4
C28: Update your ECMs in Table 4 by: 1) listing measures that were completed since you submitted last Annual Report or Green Communities Designation as applicable, 2) listing new measures planned or in progress, 3) and providing an ECM type in Column F. All ECMs should be included in Table 4, NOT only ECMs funded by Green Communities grants.
C29: Does the community use an Energy Management Services (EMS) Agreement? | L29: No
C30: =IF(L29="Yes",ICF!$B$6,"") | L30: =IF(L29="Yes","Provide Date Below","")
C33: 5. Complete Table 5: Renewable Energy Projects | F33: Go to Table 5
C34: Update your conventionally net-metered (aka "behind the meter") RE projects in Table 5 by: 1) changing any status dates, and 2) adding any new RE projects. | E34: Does your Green Community use any energy produced by renewable energy within your community? For example, solar PV systems installed on school or municipal buildings and the building uses the electricity generated, or a biomass boiler installed in a municipal building . Please select YES or NO in the dropdown on the right. if YES, complete Table 5 and be sure to include the renewable energy consumed in the building's MassEnergyInsight account or whatever energy tracking tool your community uses | L34: YES
C36: 6. Provide a Narrative
C37: Provide a brief narrative explaining changes seen and what is anticipated for the next year. Any notes on successes or challenges are welcome. Also include changes in building operating hours as well as building use, and/or significant changes in municipal fleet operations. Identify top 3 buildings in terms of energy consumption and note how efficient these buildings are by reporting their kBtu/sf numbers. MEI users can find this information by looking at the "Buildings to Target" report; provide a brief statement addressing change in the past year and, if applicable, describe plans for improving building performance next year | E37: Sample Narrative: Our buildings have a 12 percent decrease in energy use and the vehicles have a 4 percent reduction. We are also intending to implement a large retrofit at the drinking water treatment plant this year that should yield a significant level of savings. We are seeing an uptick in energy use in our library, now that it open 10 more hours a week. Our top 3 energy-using buildings are our high school (68 EUI), middle school (88 EUI) and town hall (78 EUI). Energy use in all three buildings has been fairly consistent over the past year. The middle school boiler has reached the end of useful life and is scheduled to be replaced in 2 years. We have implemented projects in the Town Hall and would have expected larger savings. We are investigating this.
E42: NARRATIVE:
E43: The Town has made energy reductions across several categories in FY20 including buildings, streetlights, and water/sewer for a total reduction of 22.1% (or 14.7% with weather normalized data). This past year we implemented interior LED lighting projects in the schools (high school, middle school, and elementary schools). This combined with COVID-caused school closures in the spring have led to a significant reduction in energy use. However, the Town did use the opportunity of schools being closed to do deferred maintenance, so they were not completely shut down during this time. We also saw a substantial reduction of energy usage from streetlights due to an LED light retrofit completed in June 2019. The buildings with the highest energy usage per square foot include the Pfaff Center (recreation center) at 87.93 kBtu/sf, the Dale Street Elementary School at 84.39 kBtu/sf, and Medfield Highschool at 82.90 kBtu/sf. Please note that as a result of some faulty billing from Eversource, the total reduction does not show correctly in MEI: FY2020 only shows a 12.6% decrease in kwh of electricity. However, after offsetting refunds in billing, MEI does show $31,000 savings in spending in FY2020, in the range of 70% reduction annually. Energy consumption now seems correct starting April 2020: so comparing just the six months Apr-Sep, we see a 74% energy reduction between 2019 and 2020; this is likely the correct energy savings level. Medfield has completed many of the ECMs from our ERP and have a robust list of ECMs to implement over the next 5 years which we plan to get energy audits on this winter. Projects include weatherization and HVAC work in the school buildings, as well as work at the Town Hall and, Council on Aging, and Library. ECMs in Table 4 that don't have audit information are proposed measures that are in addition to the ERP.
C49: 7. Building Stock Changes
C51: Has the community had any building stock changes since it's baseline year? | L51: Yes
C52: =IF(L51="Yes","Please complete the Building Stock Change Calculator. Include all building stock changes that have occurred since the baseline in the current year.","") -> Please complete the Building Stock Change Calculator. Include all building stock changes that have occurred since the baseline in the current year.
C53: Have any building stock changes occurred since your last Annual Report or Designation (if first Annual Report)? | L53: No
C55: =IF(L53="Yes",ICF!$B$8,"") | E55: =IF(L53="Yes","NARRATIVE:","")
E56: As noted in the previous Annual Report building stock changes were done in FY2018 when the police station and fire station combined. Square foot adjustments are made in the calculator to reflect this change.

Sheet Building Stock Changes Doc 

Sheet Building Stock Change Calculato
D4: INSTRUCTIONS on how to calculate your prorated energy use for building stock changes
D5: All building stock changes that have occured since the baseline year should be reported here. Please keep track of the prorated use for every year you are reporting on. If you submitted an Annual Report last year, you only need to report on this current reporting year. If this is your community's first Annual Report, enter the building information for this reporting year and past years as needed. If your community did not submit an Annual Report last year, report on last years' building stock changes as needed.
D7: USE THIS CALCULATOR FOR ALL BUILDING STOCK CHANGES
D9: This Building Stock Changes Calculator is for both new buildings and building additions. Different information is to be entered depending on whether you are entering data for a new building or an addition, so make sure to follow the instructions in Row 11 for each column. You are only required to enter information into the yellow cells in the table. The green cells in the table will populate when the relevant information is entered into the yellow cells. The orange cells in the worksheet (columns M and P) are the numbers that will be used to adjust the Total Energy Use for the year, and will automatically populate in Table 2 Progress (the worksheet on the next tab to the right). Starting with the current reporting year, enter any new buildings and building additions that occurred. Start with Building One, if you have more than one applicable building in a given year then move on to Building Two etc. Please change the generic "BUILDING ONE" label to the actual name of the building (e.g. Senior Center, High School, Police Station).
D10: Building Stock Changes Calculator
D11: Enter the name of the building in the appropriate cell, e.g. change "BUILDING ONE" to "High School". Name should match the name in MEI. | E11: If NEW BUILDING, enter the OLD BUILDING'S sq. footage, if ADDITION, enter the building's sq. footage BEFORE the addition | F11: If NEW BUILDING, enter the NEW BUILDING'S sq. footage, if ADDITION, enter the building's sq. footage AFTER the addition | G11: THIS COLUMN WILL POPULATE % of energy to include | H11: Non Weather-Normalized energy use (MMBTU) - this can be found in MassEnergyInsight - Energy Reduction Plan Guidance Table 3 (MMBtu) | I11: If NEW BUILDING - enter the number 12. If ADDITION, enter the # of months the addition was online during the reporting yr.? | J11: Non Weather-Normalized Prorated energy use (MMBTU) - | K11: Weather-Normalized energy use (MMBTU) - This can be found in MassEnergyInsight - Annual Building Energy Use - Weather Normalized | L11: Weather Normalized Prorated energy use (MMBTU) | M11: Total Non-Weather Normalized Energy Use | N11: Total Prorated Non-Weather Normalized Energy Use | O11: Difference to be used to adjust Non-Weather-Normalized total - This will populate the apropriate cell in Table 2 - Progress | P11: Total Weather-Normalized Energy Use | Q11: Total Prorated Weather-Normalized Energy Use | R11: Difference to be used to adjust Weather-Normalized total This will populate the apropriate cell in Table 2 - Progress
D12: 2020
D13: Police | E13: 13920 | F13: 36500 | G13: =IF(E13="",0,(E13/F13)) -> 0.38136986 | H13: =3100-250 -> 2850 | I13: 12 | J13: =IF(H13="",0,((H13/12)*I13*G13)+(12-I13)*(H13/12)) -> 1086.9041 | K13: =3354.1-250 -> 3104.1 | L13: =IF(K13="",0,((K13/12)*$I13*$G13)+(12-I13)*(K13/12)) -> 1183.8102 | M13: =SUM(H13:H17) -> 2850 | N13: =SUM(J13:J17) -> 1086.9041 | P13: =SUM(K13:K17) -> 3104.1 | Q13: =SUM(L13:L17) -> 1183.8102
D14: BUILDING TWO | G14: =IF(E14="",0,(E14/F14)) -> 0 | J14: =IF(H14="",0,((H14/12)*I14*G14)+(12-I14)*(H14/12)) -> 0 | L14: =IF(K14="",0,((K14/12)*$I14*$G14)+(12-I14)*(K14/12)) -> 0
D15: BUILDING THREE | G15: =IF(E15="",0,(E15/F15)) -> 0 | J15: =IF(H15="",0,((H15/12)*I15*G15)+(12-I15)*(H15/12)) -> 0 | L15: =IF(K15="",0,((K15/12)*$I15*$G15)+(12-I15)*(K15/12)) -> 0
D16: BUILDING FOUR | G16: =IF(E16="",0,(E16/F16)) -> 0 | J16: =IF(H16="",0,((H16/12)*I16*G16)+(12-I16)*(H16/12)) -> 0 | L16: =IF(K16="",0,((K16/12)*$I16*$G16)+(12-I16)*(K16/12)) -> 0
D17: BUILDING FIVE | G17: =IF(E17="",0,(E17/F17)) -> 0 | J17: =IF(H17="",0,((H17/12)*I17*G17)+(12-I17)*(H17/12)) -> 0 | L17: =IF(K17="",0,((K17/12)*$I17*$G17)+(12-I17)*(K17/12)) -> 0 | O17: =N13-M13 -> -1763.0959 | R17: =Q13-P13 -> -1920.2898
D18: 2019
D19: Police | E19: 13920 | F19: 36500 | G19: =IF(E19="",0,(E19/F19)) -> 0.38136986 | H19: =3273-229 -> 3044 | I19: 12 | J19: =IF(H19="",0,((H19/12)*I19*G19)+(12-I19)*(H19/12)) -> 1160.8899 | K19: =3293.5-229 -> 3064.5 | L19: =IF(K19="",0,((K19/12)*$I19*$G19)+(12-I19)*(K19/12)) -> 1168.7079 | M19: =SUM(H19:H23) -> 3044 | N19: =SUM(J19:J23) -> 1160.8899 | P19: =SUM(K19:K23) -> 3064.5 | Q19: =SUM(L19:L23) -> 1168.7079
D20: BUILDING TWO | G20: =IF(E20="",0,(E20/F20)) -> 0 | J20: =IF(H20="",0,((H20/12)*I20*G20)+(12-I20)*(H20/12)) -> 0 | L20: =IF(K20="",0,((K20/12)*$I20*$G20)+(12-I20)*(K20/12)) -> 0
D21: BUILDING THREE | G21: =IF(E21="",0,(E21/F21)) -> 0 | J21: =IF(H21="",0,((H21/12)*I21*G21)+(12-I21)*(H21/12)) -> 0 | L21: =IF(K21="",0,((K21/12)*$I21*$G21)+(12-I21)*(K21/12)) -> 0
D22: BUILDING FOUR | G22: =IF(E22="",0,(E22/F22)) -> 0 | J22: =IF(H22="",0,((H22/12)*I22*G22)+(12-I22)*(H22/12)) -> 0 | L22: =IF(K22="",0,((K22/12)*$I22*$G22)+(12-I22)*(K22/12)) -> 0
D23: BUILDING FIVE | G23: =IF(E23="",0,(E23/F23)) -> 0 | J23: =IF(H23="",0,((H23/12)*I23*G23)+(12-I23)*(H23/12)) -> 0 | L23: =IF(K23="",0,((K23/12)*$I23*$G23)+(12-I23)*(K23/12)) -> 0 | O23: =N19-M19 -> -1883.1101 | R23: =Q19-P19 -> -1895.7921
D24: 2018
D25: Police | E25: 13920 | F25: 36500 | G25: =IF(E25="",0,(E25/F25)) -> 0.38136986 | H25: =3122-220 -> 2902 | I25: 12 | J25: =IF(H25="",0,((H25/12)*I25*G25)+(12-I25)*(H25/12)) -> 1106.7353 | K25: =3125.7-220 -> 2905.7 | L25: =IF(K25="",0,((K25/12)*$I25*$G25)+(12-I25)*(K25/12)) -> 1108.1464 | M25: =SUM(H25:H29) -> 2902 | N25: =SUM(J25:J29) -> 1106.7353 | P25: =SUM(K25:K29) -> 2905.7 | Q25: =SUM(L25:L29) -> 1108.1464
D26: BUILDING TWO | G26: =IF(E26="",0,(E26/F26)) -> 0 | J26: =IF(H26="",0,((H26/12)*I26*G26)+(12-I26)*(H26/12)) -> 0 | L26: =IF(K26="",0,((K26/12)*$I26*$G26)+(12-I26)*(K26/12)) -> 0
D27: BUILDING THREE | G27: =IF(E27="",0,(E27/F27)) -> 0 | J27: =IF(H27="",0,((H27/12)*I27*G27)+(12-I27)*(H27/12)) -> 0 | L27: =IF(K27="",0,((K27/12)*$I27*$G27)+(12-I27)*(K27/12)) -> 0
D28: BUILDING FOUR | G28: =IF(E28="",0,(E28/F28)) -> 0 | J28: =IF(H28="",0,((H28/12)*I28*G28)+(12-I28)*(H28/12)) -> 0 | L28: =IF(K28="",0,((K28/12)*$I28*$G28)+(12-I28)*(K28/12)) -> 0
D29: BUILDING FIVE | G29: =IF(E29="",0,(E29/F29)) -> 0 | J29: =IF(H29="",0,((H29/12)*I29*G29)+(12-I29)*(H29/12)) -> 0 | L29: =IF(K29="",0,((K29/12)*$I29*$G29)+(12-I29)*(K29/12)) -> 0 | O29: =N25-M25 -> -1795.2647 | R29: =Q25-P25 -> -1797.5536

Sheet Crit 3 - Table  2 Progress
C3: Criterion 3 Step 2: Complete Table 2 - Progress
C4: Table 2 Instructions: 1) Enter your community's baseline year (including whether it's a Fiscal Year or Calendar Year); 2) Enter total MMBtus per category (Rows 10-15) for the baseline year and the current reporting year. In MassEnergyInsight, this information is available in the "Annual Report Table 2" report; 3) If this is your community's first Annual Report, enter the energy consumption for past years as needed; 4) If your community did not submit an Annual Report last year, enter energy data for 2019 and 2020; 5) If your baseline includes a proportion of energy consumed by a regional school district, provide the pro-rated energy use in Row 18 for non weather-normalized use and Row 22 for weather-normalized use. Attach a worksheet (add a tab to this workbook) listing the buildings, their total energy use, and calculations on how you arrived at their prorated use; 6) If your community needs to pro-rate energy use due to building stock changes, use the calculator provided on the tab to the left and enter the resulting numbers in Row 17 for non weather-normalized data, and in Rows 21 for weather-normalized data.
C5: WEATHER NORMALIZED DATA - DOER is requiring Green Communities to assess their progress using weather-normalized data through a DOER-approved weather normalization methodology. Qualifying methods include use of MassEnergyInsight or Energy Star Portfolio Manager. Please contact your Regional Coordinator for assistance if you use a different energy-tracking tool. Enter weather-normalized total energy consumption in Table 2, Row 20. In MassEnergyInsight, this information is available in the "Annual Report Table 2" report
C6: Does the Community use Calendar Year (CY) or Fiscal Year (FY)? | H6: FY
C8: Table 2: Timeline of Annual Municipal Energy Use
D9: Baseline MMBtu | E9: 2018 MMBtu | F9: 2019 MMBtu | G9: 2020 MMBtu | H9: For Most Recent Year: Change vs. Baseline (%)
D10: 2015 | E10: 2018 | F10: 2019 | G10: 2020
C11: Null | H11: =IF(OR(D11="",D11=0),"Enter baseline year consumption in column D",IF(OR(G11="",G11=0),"Enter current year consumption in column G",(D11-G11)/D11)) -> Enter baseline year consumption in column D
C12: Buildings | D12: 51589 | E12: 44098 | F12: 44776 | G12: 39481 | H12: =IF(OR(D12="",D12=0),"Enter baseline year consumption in column D",IF(OR(G12="",G12=0),"Enter current year consumption in column G",(D12-G12)/D12)) -> 0.2347012
C13: Open Space | D13: 53 | E13: 96 | F13: 88 | G13: 80 | H13: =IF(OR(D13="",D13=0),"Enter baseline year consumption in column D",IF(OR(G13="",G13=0),"Enter current year consumption in column G",(D13-G13)/D13)) -> -0.50943396
C14: Street & Traffic Lights | D14: 390 | E14: 389 | F14: 389 | G14: 341 | H14: =IF(OR(D14="",D14=0),"Enter baseline year consumption in column D",IF(OR(G14="",G14=0),"Enter current year consumption in column G",(D14-G14)/D14)) -> 0.12564103
C15: Vehicles | D15: 7318 | E15: 7662 | F15: 6888 | G15: 6979 | H15: =IF(OR(D15="",D15=0),"Enter baseline year consumption in column D",IF(OR(G15="",G15=0),"Enter current year consumption in column G",(D15-G15)/D15)) -> 0.046324132
C16: Water/Sewer | D16: 7530 | E16: 7626 | F16: 7529 | G16: 6979 | H16: =IF(OR(D16="",D16=0),"Enter baseline year consumption in column D",IF(OR(G16="",G16=0),"Enter current year consumption in column G",(D16-G16)/D16)) -> 0.073173971
C17: Building Stock Change Adjustment | E17: ='Building Stock Change Calculato'!$O$29 -> -1795.2647 | F17: ='Building Stock Change Calculato'!$O$23 -> -1883.1101 | G17: ='Building Stock Change Calculato'!$O$17 -> -1763.0959
C18: Regional School Prorated
C19: TOTAL ENERGY CONSUMPTION (NO Weather Normalization) | D19: =SUM(D11:D18) -> 66880 | E19: =SUM(E11:E18) -> 58075.735 | F19: =SUM(F11:F18) -> 57786.89 | G19: =SUM(G11:G18) -> 52096.904 | H19: =IF(OR(D19="",D19=0),"Enter baseline year consumption in column D",IF(OR(G19="",G19=0),"Enter current year consumption in column G",(D19-G19)/D19)) -> 0.22103911
C20: Weather Normalized Consumption (without building stock adjustment) | D20: 63062 | E20: 60682 | F20: 61510 | G20: 55731 | H20: =IF(OR(D20="",D20=0),"Enter baseline year consumption in column D",IF(OR(G20="",G20=0),"Enter current year consumption in column G",(D20-G20)/D20)) -> 0.11625067
C21: Building Stock Change Adjustment (weather - normalized) | E21: ='Building Stock Change Calculato'!$R$29 -> -1797.5536 | F21: ='Building Stock Change Calculato'!$R$23 -> -1895.7921 | G21: ='Building Stock Change Calculato'!$R$17 -> -1920.2898
C22: Regional School Prorated (weather-normalized)
C23: TOTAL ENERGY CONSUMPTION (Weather-Normalized) | D23: =SUM(D20:D22) -> 63062 | E23: =SUM(E20:E22) -> 58884.446 | F23: =SUM(F20:F22) -> 59614.208 | G23: =SUM(G20:G22) -> 53810.71 | H23: =IF(OR(D23="",D23=0),"Enter baseline year consumption in column D",IF(OR(G23="",G23=0),"Enter current year consumption in column G",(D23-G23)/D23)) -> 0.1467015

Sheet Crit 3 -Tbl 3 for Non-MEI Users
C3: Criterion 3 Step 3: Complete Table 3 OR use MEI (NOTE: provide a separate table each for your baseline year and reporting year
C5: Select Plan Year: | D5: <Select Year>
C6: NOTE: IF USING MASSENERGYINSIGHT, there is NO need to complete this table.
C7: ="Table 3: Annual Municipal Energy Use in Native Units and MMBtu - Plan Year "&D5 -> Table 3: Annual Municipal Energy Use in Native Units and MMBtu - Plan Year <Select Year>
D8: Please enter "0" for any fuels not used
D9: Electricity | F9: Natural Gas | H9: #2 Distillate Fuel Oil | J9: Propane | L9: Gasoline | N9: Diesel | P9: Electric Renewable Energy | R9: Thermal Renewable Energy | T9: Total MMBtu
D10: kWh | E10: MMBtu | F10: Therms | G10: MMBtu | H10: Gallons | I10: MMBtu | J10: Gallons | K10: MMBtu | L10: Gallons | M10: MMBtu | N10: Gallons | O10: MMBtu | P10: kWh | Q10: MMBtu | R10: Therms | S10: MMBtu
C11: School | E11: =D11*kwh_MMBTU -> 0 | G11: =F11*therms_MMBTU -> 0 | I11: =H11*GalFuelOil_MMBTU -> 0 | K11: =J11*GalPropane_MMBTU -> 0 | M11: =L11*GalGasoline_MMBTU -> 0 | O11: =N11*GalDiesel_MMBTU -> 0 | Q11: =P11*kwh_MMBTU -> 0 | S11: =R11*therms_MMBTU -> 0 | T11: =E11+G11+I11+K11+M11+O11+Q11+S11 -> 0
C12: Town Hall | E12: =D12*kwh_MMBTU -> 0 | G12: =F12*therms_MMBTU -> 0 | I12: =H12*GalFuelOil_MMBTU -> 0 | K12: =J12*GalPropane_MMBTU -> 0 | M12: =L12*GalGasoline_MMBTU -> 0 | O12: =N12*GalDiesel_MMBTU -> 0 | Q12: =P12*kwh_MMBTU -> 0 | S12: =R12*therms_MMBTU -> 0 | T12: =E12+G12+I12+K12+M12+O12+Q12+S12 -> 0
C13: Police Station | E13: =D13*kwh_MMBTU -> 0 | G13: =F13*therms_MMBTU -> 0 | H13: 0 | I13: =H13*GalFuelOil_MMBTU -> 0 | K13: =J13*GalPropane_MMBTU -> 0 | M13: =L13*GalGasoline_MMBTU -> 0 | O13: =N13*GalDiesel_MMBTU -> 0 | Q13: =P13*kwh_MMBTU -> 0 | S13: =R13*therms_MMBTU -> 0 | T13: =E13+G13+I13+K13+M13+O13+Q13+S13 -> 0
C14: SUBTOTAL FOR BUILDINGS | D14: =SUM(D11:D13) -> 0 | E14: =SUM(E11:E13) -> 0 | F14: =SUM(F11:F13) -> 0 | G14: =SUM(G11:G13) -> 0 | H14: =SUM(H11:H13) -> 0 | I14: =SUM(I11:I13) -> 0 | J14: =SUM(J11:J13) -> 0 | K14: =SUM(K11:K13) -> 0 | ... S14: =SUM(S11:S13) -> 0 | T14: =E14+G14+I14+K14+M14+O14+Q14+S14 -> 0
C15: Drinking Water/Wastewater Treatment Plant | E15: =D15*kwh_MMBTU -> 0 | G15: =F15*therms_MMBTU -> 0 | I15: =H15*GalFuelOil_MMBTU -> 0 | K15: =J15*GalPropane_MMBTU -> 0 | M15: =L15*GalGasoline_MMBTU -> 0 | O15: =N15*GalDiesel_MMBTU -> 0 | Q15: =P15*kwh_MMBTU -> 0 | S15: =R15*therms_MMBTU -> 0 | T15: =E15+G15+I15+K15+M15+O15+Q15+S15 -> 0
C16: Pumping in Aggregate | E16: =D16*kwh_MMBTU -> 0 | G16: =F16*therms_MMBTU -> 0 | I16: =H16*GalFuelOil_MMBTU -> 0 | K16: =J16*GalPropane_MMBTU -> 0 | M16: =L16*GalGasoline_MMBTU -> 0 | O16: =N16*GalDiesel_MMBTU -> 0 | Q16: =P16*kwh_MMBTU -> 0 | S16: =R16*therms_MMBTU -> 0 | T16: =E16+G16+I16+K16+M16+O16+Q16+S16 -> 0
C17: Open Space* | E17: =D17*kwh_MMBTU -> 0 | G17: =F17*therms_MMBTU -> 0 | I17: =H17*GalFuelOil_MMBTU -> 0 | K17: =J17*GalPropane_MMBTU -> 0 | M17: =L17*GalGasoline_MMBTU -> 0 | O17: =N17*GalDiesel_MMBTU -> 0 | Q17: =P17*kwh_MMBTU -> 0 | S17: =R17*therms_MMBTU -> 0 | T17: =E17+G17+I17+K17+M17+O17+Q17+S17 -> 0
C18: Vehicles in Aggregate | E18: =D18*kwh_MMBTU -> 0 | G18: =F18*therms_MMBTU -> 0 | I18: =H18*GalFuelOil_MMBTU -> 0 | J18: 0 | K18: =J18*GalPropane_MMBTU -> 0 | M18: =L18*GalGasoline_MMBTU -> 0 | O18: =N18*GalDiesel_MMBTU -> 0 | Q18: =P18*kwh_MMBTU -> 0 | S18: =R18*therms_MMBTU -> 0 | T18: =E18+G18+I18+K18+M18+O18+Q18+S18 -> 0
C19: Street and Traffic Lights in Aggregate | E19: =D19*kwh_MMBTU -> 0 | G19: =F19*therms_MMBTU -> 0 | I19: =H19*GalFuelOil_MMBTU -> 0 | K19: =J19*GalPropane_MMBTU -> 0 | M19: =L19*GalGasoline_MMBTU -> 0 | O19: =N19*GalDiesel_MMBTU -> 0 | Q19: =P19*kwh_MMBTU -> 0 | S19: =R19*therms_MMBTU -> 0 | T19: =E19+G19+I19+K19+M19+O19+Q19+S19 -> 0
C20: TOTAL ENERGY CONSUMPTION | D20: =SUM(D14:D19) -> 0 | E20: =D20*0.003412 -> 0 | F20: =SUM(F14:F19) -> 0 | G20: =F20*0.1 -> 0 | H20: =SUM(H14:H19) -> 0 | I20: =H20*0.139 -> 0 | J20: =SUM(J14:J19) -> 0 | K20: =J20*0.091 -> 0 | L20: =SUM(L14:L19) -> 0 | M20: =L20*0.124 -> 0 | N20: =SUM(N14:N19) -> 0 | O20: =N20*0.139 -> 0 | P20: =SUM(P14:P19) -> 0 | Q20: =P20*0.003412 -> 0 | R20: =SUM(R14:R19) -> 0 | S20: =R20*0.1 -> 0 | T20: =E20+G20+I20+K20+M20+O20+Q20+S20 -> 0

Sheet Crit 3 - ECMs
D3: For use in next Table 4 - ECMs
C4: Project Type | D4: Definition/Includes:
C6: Behav & Training | D6: Behavioral programs, building operator training, etc.
C7: Building Control | D7: HVAC controls, energy management systems (NO vending misers)
C8: Exterior Lighting | D8: Streetlights, traffic lights, parking lots/garages, exterior lighting
C9: Interior Lighting | D9: Interior lighting & controls
C10: Fuel Conversion | D10: Conversion from one heating fuel type to another (often oil to natural gas)
C11: Hot Water | D11: Hot water heaters, pipe insulation, showerheads, faucet aerators, efficient dish washers
C12: HVAC | D12: Heating or cooling equipment, economizers, destratification fans, dehumidifiers, duct sealing or insulation (NO VFDs)
C13: Pump/Motor/Drive | D13: Pumps, motors, variable frequency/speed drives
C14: Refrigeration | D14: Refrigeration and controls, including vending misers
C15: Retrocommission | D15: Retrocommissioning and submetering projects
C16: Vehicles | D16: Energy-savings vehicles & their operations: GPS, anti-idling retrofits, routing software, big belly trash collectors, hybrid or EV purchases
... C25: Abandoned | D25: Project is not completed and will no longer be pursued.

Sheet Crit 3 - Table 4 ECMs
D3: Criterion 3 Step 4: Update Table 4 - ECMs
C4: Update projects that were listed as "planned" or "active" in last Annual Report or Energy Reduction Plan and add new projects. Include all ECMs, not only ECMs funded by Green Communities grants.
D5: Click here to view a sample version of this table | G5: Table 4 Energy Conservation Measures Data
C6: ECMs - Update projects that were listed as "planned" or "active" in last Annual Report or Energy Reduction Plan and add new projects. | G6: Status | I6: Energy Data | O6: Financial Data | T6: Reference Data
C7: Category (select one from drop-down) | D7: Building/Site Name | E7: Energy Conservation Measure Name | F7: ECM Type (select one from drop-down) | G7: Status (select one from drop-down) | H7: Status Date (Month -year completed or planned) | I7: Projected Annual Electricity Savings (kWh) | J7: Projected Annual Natural Gas Savings (therms) | K7: Projected Annual Oil Savings (gallons) | L7: Projected Annual Propane Savings (gallons) | M7: Projected Annual Gasoline Savings (gallons) | N7: Projected Annual Diesel Savings (gallons) | O7: Projected Annual Cost Savings ($) | P7: Total Installed Cost ($) | Q7: Green Community Grant ($) | R7: Utility Incentives ($) | S7: Net Cost ($) | T7: Funding Source(s) for Net Costs | U7: Source for Projected Savings
C8: Buildings | D8: Pfaff Recreation Center | E8: Lighting | F8: Exterior Lighting | G8: Active | H8: Winter 2020 | I8: 12486 | O8: 2060 | P8: 7050 | R8: 7050 | S8: 0 | T8: No cost to Town of Medfield | U8: Commonwealth Electrical Technologies
C9: Buildings | D9: Blake Middle School | E9: Exterior LED | F9: Exterior Lighting | G9: Complete | H9: 43228 | I9: 67180 | O9: 11085 | P9: 34133 | Q9: 18287 | R9: 15846 | S9: 0 | T9: Green Communities Grant | U9: Doer qurt report 1 may-jun 4th qut.docx
C10: Buildings | D10: Blake Middle School | E10: All interior lighting (oringally only 200 Side Lighting) | F10: Interior Lighting | G10: Complete | H10: 43791 | I10: 107394 | O10: 17720 | P10: 40700 | R10: 40700 | S10: 0 | T10: No cost to Town of Medfield | U10: Commonwealth Electrical Technologies
C11: Buildings | D11: Blake Middle School | E11: 100-300 Side Lighting (consolidated with 200 Side lighting line item) | F11: Interior Lighting | G11: Complete | H11: 43791 | O11: 0 | P11: 0 | R11: 0 | S11: 0 | T11: No cost to Town of Medfield | U11: Commonwealth Electrical Technologies
C12: Buildings | D12: Blake Middle School | E12: EMS | F12: Retrocommission | G12: Complete | H12: Spring 2018 | I12: 2008 | J12: 2754 | O12: 3521 | P12: 25000 | Q12: 77956 | R12: 3546 | S12: 21454 | T12: Green Communities Grant | U12: Doer qurt report 1 may-jun 4th qut.docx
C13: Buildings | D13: Council on Aging | E13: *COA parking Lights (presumed complete) | F13: Exterior Lighting | G13: Complete | H13: Fall 2016 | I13: 4508 | O13: 676 | P13: 3000 | R13: 1127 | S13: 1873 | T13: Town Budget | U13: Town of Medfield
C14: Buildings | D14: Council on Aging | E14: *Interior Lighting (presumed complete) | F14: Interior Lighting | G14: Complete | H14: Fall 2016 | I14: 16750 | O14: 2512 | P14: 34570 | R14: 4187 | S14: 30383 | T14: Town Budget | U14: AECOM (Appendix B1)
C15: Buildings | D15: Dale Street Elementary School | E15: All interior lighting (oringally only First Floor Lighting) | F15: Interior Lighting | G15: Complete | H15: 43791 | I15: 57416 | O15: 9474 | P15: 21688 | R15: 21688 | S15: 0 | T15: No cost to Town of Medfield | U15: Commonwealth Electrical Technologies
C16: Buildings | D16: Dale Street Elementary School | E16: 2nd Floor Lighting (combined with 1st floor lighting line item) | F16: Interior Lighting | G16: Complete | H16: 43791 | O16: 0 | P16: 0 | R16: 0 | S16: 0 | T16: No cost to Town of Medfield | U16: Commonwealth Electrical Technologies
C17: Buildings | D17: Medfield High School | E17: Exterior LED | F17: Exterior Lighting | G17: Complete | H17: 43228 | I17: 93868 | O17: 15488 | P17: 46628 | Q17: 24484 | R17: 22144 | S17: 0 | T17: Green Communities Grant | U17: Doer qurt report 1 may-jun 4th qut.docx
C18: Buildings | D18: Medfield High School | E18: All interior lighting (oringally only First Floor Lighting) | F18: Interior Lighting | G18: Complete | H18: 43791 | I18: 242014 | O18: 39932 | P18: 88334 | R18: 88334 | S18: 0 | T18: No cost to Town of Medfield | U18: Commonwealth Electrical Technologies
C19: Buildings | D19: Medfield High School | E19: 2nd Flr & LL Lighting (consolidate with 1st floor lighting line item) | F19: Interior Lighting | G19: Complete | H19: 43791 | O19: 0 | P19: 0 | R19: 0 | S19: 0 | T19: No cost to Town of Medfield | U19: Commonwealth Electrical Technologies
C20: Buildings | D20: Medfield Public Library | E20: MPL Exterior Lighting | F20: Exterior Lighting | G20: Complete | H20: 43228 | I20: 5510 | O20: 827 | P20: 9287 | Q20: 1173 | R20: 5886 | S20: 2229 | T20: Green Communities Grant | U20: Doer qurt report 1 may-jun 4th qut.docx
C21: Buildings | D21: Medfield Public Library | E21: *MPL Lighting (presumed complete) | F21: Interior Lighting | G21: Complete | H21: Summer 2020 | I21: 16305 | O21: 2446 | P21: 350 | S21: 350 | T21: Town Budget | U21: Town of Medfield (Appendix C1)
C22: Buildings | D22: Memorial Elementary School | E22: Exterior LED | F22: Exterior Lighting | G22: Complete | H22: 43228 | I22: 53134 | O22: 8767 | P22: 29210 | Q22: 16620 | R22: 12590 | S22: 0 | T22: Green Communities Grant | U22: Doer qurt report 1 may-jun 4th qut.docx
C23: Buildings | D23: Memorial Elementary School | E23: All interior lighting (oringally only Wings 1 & 2 Lighting) | F23: Interior Lighting | G23: Complete | H23: 43791 | I23: 70937 | O23: 11705 | P23: 28100 | R23: 28100 | S23: 0 | T23: No cost to Town of Medfield | U23: Commonwealth Electrical Technologies
C24: Buildings | D24: Memorial Elementary School | E24: Wing 3 Lighting (consolidated with Wing 1/2 line item) | F24: Interior Lighting | G24: Complete | H24: 43791 | O24: 0 | P24: 0 | R24: 0 | S24: 0 | T24: No cost to Town of Medfield | U24: Commonwealth Electrical Technologies
C25: Street & Traffic Lights | D25: Streetlights | E25: Exterior LED | F25: Exterior Lighting | G25: Complete | H25: 43617 | I25: 69435 | O25: 31870 | P25: 81505 | R25: 11182 | S25: 70323 | T25: Green Communities Grant | U25: Fred Davis Corporation (Appendix E1)/ Project Estimate 032217
C26: Buildings | D26: Town Garage | E26: *Garage Controls (presumed complete) | F26: Building Control | G26: Complete | H26: Fall 2016 | J26: 33200 | O26: 29880 | P26: 0 | R26: 0 | S26: 0 | T26: Town Budget | U26: Town of Medfield
C27: Buildings | D27: Town Hall | E27: TH Parking Lights | F27: Exterior Lighting | G27: Complete | H27: 43228 | I27: 15972 | O27: 1916 | P27: 3812 | Q27: 1677 | R27: 2135 | S27: 0 | T27: Green Communities Grant | U27: Doer qurt report 1 may-jun 4th qut.docx
C28: Buildings | D28: Town Hall | E28: Interior Lighting | F28: Interior Lighting | G28: Complete | H28: Spring 2020 | I28: 31869 | O28: 5258 | P28: 15000 | R28: 15000 | S28: 0 | T28: No cost to Town of Medfield | U28: Commonwealth Electrical Technologies
C29: Buildings | D29: Wheelock Elementary School | E29: Exterior LED | F29: Exterior Lighting | G29: Complete | H29: 43228 | I29: 5366 | O29: 885 | P29: 7445 | Q29: 6041 | R29: 1404 | S29: 0 | T29: Green Communities Grant | U29: Doer qurt report 1 may-jun 4th qut.docx
C30: Buildings | D30: Wheelock Elementary School | E30: All interior lighting (oringally only First Floor Lighting) | F30: Interior Lighting | G30: Complete | H30: 43791 | I30: 65074 | O30: 10737 | P30: 63000 | R30: 63000 | S30: 0 | T30: No cost to Town of Medfield | U30: Commonwealth Electrical Technologies
C31: Buildings | D31: Wheelock Elementary School | E31: 2nd Floor Lighting (combined with 1st floor lighting line item) | F31: Interior Lighting | G31: Complete | H31: 43791 | O31: 0 | P31: 0 | R31: 0 | S31: 0 | T31: No cost to Town of Medfield | U31: Commonwealth Electrical Technologies
C32: Buildings | D32: Wheelock Elementary School | E32: New Boilers (2) | F32: HVAC | G32: Complete | H32: Summer 2016 | J32: 4836 | O32: 4352 | P32: End-of-life replacement | R32: School Building Authority Grant | S32: End-of-life replacement | T32: Town Budget | U32: Town of Medfield
C33: Buildings | D33: Town Garage | E33: Interior Lighting | F33: Interior Lighting | G33: Complete | H33: Spring 2020 | I33: 49788 | O33: 8215 | P33: 22500 | R33: 22500 | S33: 0 | T33: No cost to Town of Medfield | U33: Commonwealth Electrical Technologies
C34: Buildings | D34: Medfield Public Library | E34: Interior Lighting | F34: Interior Lighting | G34: Comptete | H34: Spring 2020 | I34: 41298 | O34: 6195 | P34: 90695 | R34: 10325 | S34: 80370 | T34: Green Communities Grant | U34: AECOM (Appendix B2)
C35: Buildings | D35: Blake Middle School | E35: Behavioral Based Measures | F35: Behavioral and Training | G35: Planned | H35: Fall 2021 | I35: 32757 | O35: 3931 | P35: 1000 | R35: Pay-for-Performance | S35: 1000 | T35: Green Communities Grant | U35: MAPC (Appendix D1)
C36: Buildings | D36: Blake Middle School | E36: Roof Top Units Repair | F36: HVAC | G36: Planned | H36: FY2021 | P36: 40,00
C37: Buildings | D37: Blake Middle School | E37: Replace Shut Off Valves | F37: Hot Water | G37: Planned | H37: FY2021 | P37: 20000
C38: Buildings | D38: Blake Middle School | E38: Replace HW heater | F38: HVAC | G38: Planned | H38: FY2022 | P38: 200000
C39: Buildings | D39: Blake Middle School | E39: Replace Shut Off Valves | F39: Hot Water | G39: Planned | H39: FY2022 | P39: 15000
C40: Buildings | D40: Blake Middle School | E40: Gym HVAC/Fan Coil Unit Replace,ent | F40: HVAC | G40: Planned | H40: FY2022 | P40: 40000
C41: Buildings | D41: Blake Middle School | E41: Replace windows at curtain wall café | F41: Weatherization | G41: Planned | H41: FY2022 | P41: 30000
C42: Buildings | D42: Blake Middle School | E42: Replace sealants at Windows/Doors | F42: Weatherization | G42: Planned | H42: FY2024 | P42: 200000
C43: Buildings | D43: Blake Middle School | E43: Brick Façade Repair Engineering | F43: Weatherization | G43: Planned | H43: FY2024 | P43: 40000
C44: Buildings | D44: Blake Middle School | E44: brick façade repair | F44: Weatherization | G44: Planned | H44: FY2025 | P44: 300000
C45: Buildings | D45: Blake Middle School | E45: Roof Insulation | F45: Weatherization | G45: Planned | H45: Summer 2020 | I45: 1111 | J45: 6212 | O45: 7144 | P45: 100000 | R45: 50000 | S45: 50000 | T45: Green Communities Grant | U45: Rise Engineering (Appendix A2)
C46: Buildings | D46: Blake Middle School | E46: New DHW Storage | F46: Hot Water | G46: Planned | H46: Summer 2022 | J46: 1050 | O46: 1202 | P46: 8000 | R46: 4000 | S46: 4000 | T46: Green Communities Grant | U46: Rise Engineering (Appendix A1)
C47: Buildings | D47: Blake Middle School | E47: Low-Flow Aerators and Showerheads, Spray Valve | F47: Hot Water | G47: Planned | H47: Winter 2021 | J47: 719 | O47: 827 | P47: 720 | R47: 720 | S47: 0 | T47: N/A | U47: Rise Engineering (Appendix A1)
C48: Buildings | D48: Council on Aging | E48: Building Envelope Repair | F48: Weatherization | G48: Planned | H48: FY2024 | P48: 12000
C49: Buildings | D49: Council on Aging | E49: COA Entrance | F49: Weatherization | G49: Planned | H49: Winter 2020 | J49: 500 | O49: 450 | P49: 5500 | S49: 5500 | T49: Town Budget | U49: Town of Medfield
C50: Buildings | D50: Dale Street Elementary School | E50: Replace Tempering Valves | F50: Hot Water | G50: Planned | H50: FY2021 | P50: 12000
C51: Buildings | D51: Dale Street Elementary School | E51: Replace Shut Off Valves | F51: Hot Water | G51: Planned | H51: Fy2024 | P51: 20000
C52: Buildings | D52: Dale Street Elementary School | E52: Exterior LED | F52: Exterior Lighting | G52: Planned | H52: Winter 2020 | I52: 2037 | O52: 336 | P52: 927 | R52: 509 | S52: 418 | T52: Green Communities Grant | U52: Rise Engineering (Appendix A3)
C53: Buildings | D53: Dale Street Elementary School | E53: Steam traps | F53: HVAC | G53: Planned | H53: Winter 2020 | J53: 7710 | O53: 8866 | P53: 25000 | R53: 12500 | S53: 12500 | T53: Green Communities Grant | U53: Rise Engineering
C54: Buildings | D54: Dale Street Elementary School | E54: Low-Flow Aerators and Spray Valve | F54: Hot Water | G54: Planned | H54: Winter 2021 | J54: 522 | O54: 600 | P54: 414 | R54: 414 | S54: 0 | T54: N/A | U54: Rise Engineering (Appendix A4)
C55: Buildings | D55: High School | E55: Lighting control | F55: Interior Lighting | G55: Planned | H55: FY2021 | P55: 15000
C56: Buildings | D56: High School | E56: Air Handling Units (replace/repair) | F56: HVAC | G56: Planned | H56: FY2022 | P56: 10000
C57: Buildings | D57: High School | E57: Exterior door replacement | F57: Weatherization | G57: Planned | H57: FY2022 | P57: 10
C58: Buildings | D58: High School | E58: Rooftop Units (RTU) Repair | F58: HVAC | G58: Planned | H58: FY2022 | P58: 20000
C59: Buildings | D59: High School | E59: Replace Shut Off Valves | F59: Hot Water | G59: Planned | H59: FY2022 | P59: 10000
C60: Buildings | D60: High School | E60: Replace Shower Head | F60: Hot Water | G60: Planned | H60: FY2022 | P60: 8000
C61: Buildings | D61: High School | E61: Window repair | F61: Weatherization | G61: Planned | H61: FY2023 | P61: 40000
C62: Buildings | D62: High School | E62: Brick Façade Repair | F62: Weatherization | G62: Planned | H62: FY2023 | P62: 50000
C63: Buildings | D63: High School | E63: Envelope sealant replacement | F63: Weatherization | G63: Planned | H63: FY2023 | P63: 303000
C64: Buildings | D64: High School | E64: window weatherstripping | F64: Weatherization | G64: Planned | H64: FY2024 | P64: 20000
C65: Buildings | D65: High School | E65: Window sealant replacement | F65: Weatherization | G65: Planned | H65: FY2025 | P65: 200000
C66: Buildings | D66: High School | E66: boiler replacement | F66: HVAC | G66: Planned | H66: FY2025 | P66: 100000
... C70: Buildings | D70: Library | E70: ATC Controls Upgrade | F70: Building Control | G70: Planned | H70: FY2024 | P70: 10000
C71: Buildings | D71: Medfield High School | E71: EMS | F71: Retrocommission | G71: Planned | H71: Fall 2020 | I71: 13917 | J71: 2959 | O71: 5908 | P71: 50000 | R71: 5221 | S71: 44779 | T71: Green Communities Grant | U71: Rise Engineering (Appendix A4)
C72: Buildings | D72: Medfield High School | E72: Behavioral Based Measures | F72: Behavioral and Training | G72: Planned | H72: Fall 2021 | I72: 72649 | O72: 8718 | P72: 1000 | R72: Pay-for-Performance | S72: 1000 | T72: Green Communities Grant | U72: MAPC (Appendix D1)
C73: Buildings | D73: Medfield High School | E73: Low-Flow Aerators and Showerheads, Spray Valve | F73: Hot Water | G73: Planned | H73: Winter 2021 | J73: 1052 | O73: 1209 | P73: 1114 | R73: 1114 | S73: 0 | T73: N/A | U73: Rise Engineering (Appendix A4)
C74: Buildings | D74: Medfield Public Library | E74: EMS | F74: Building Controls Installation | G74: Planned | H74: Summer 2024 | I74: 2605 | J74: 213 | O74: 685 | P74: 50000 | R74: 9600 | S74: 40400 | T74: Green Communities Grant | U74: Rise Engineering (Appendix A4)
C75: Buildings | D75: Medfield Public Library | E75: Attic Air Sealing | F75: Weatherization | G75: Planned | H75: Winter 2020 | I75: 521 | J75: 381 | O75: 380 | P75: 3500 | R75: 1750 | S75: 1750 | T75: Town Budget | U75: Rise Engineering (Appendix A7)
C76: Buildings | D76: Medfield Public Library | E76: Attic Insulation | F76: Weatherization | G76: Planned | H76: Winter 2020 | I76: 73 | J76: 86 | O76: 86 | P76: 2500 | R76: 0 | S76: 2500 | T76: Green Communities Grant | U76: Rise Engineering (Appendix A7)
C77: Buildings | D77: Medfield Public Library | E77: Low-Flow Aerators | F77: Hot Water | G77: Planned | H77: Winter 2021 | I77: 3984 | O77: 637 | P77: 88 | R77: 0 | S77: 88 | T77: Green Communities Grant | U77: Rise Engineering (Appendix A4)
C78: Buildings | D78: Medfield Public Library | E78: Pipe Insulation | F78: HVAC | G78: Planned | H78: Winter 2021 | J78: 46 | O78: 46 | P78: 600 | S78: 600 | T78: Green Communities Grant | U78: Rise Engineering (Appendix A7)
C79: Buildings | D79: Memorial Elementary School | E79: Exterior Lighting Control System | F79: Exterior Lighting | G79: Planned | H79: FY2021 | P79: 15000
C80: Buildings | D80: Memorial Elementary School | E80: Replace Split Systems | G80: Planned | H80: FY2022 | P80: 45000
C81: Buildings | D81: Memorial Elementary School | E81: Johnson Controls BMS Upgrade | F81: Building Control | G81: Planned | H81: FY2022 | P81: 10000
C82: Buildings | D82: Memorial Elementary School | E82: Roof Top Units Repair | F82: HVAC | G82: Planned | H82: FY2022 | P82: 10000
C83: Buildings | D83: Memorial Elementary School | E83: Replace HW Heater and Shut Off Valves | F83: HVAC | G83: Planned | H83: FY2022 | P83: 120000
C84: Buildings | D84: Memorial Elementary School | E84: Roof Top Units Repair | F84: HVAC | G84: Planned | H84: FY2022 | P84: 10000
C85: Buildings | D85: Memorial Elementary School | E85: Low-Flow Aerators and Spray Valve | F85: Hot Water | G85: Planned | H85: Winter 2021 | J85: 539 | O85: 620 | P85: 425 | R85: 425 | S85: 0 | T85: N/A | U85: Rise Engineering (Appendix A4)
C86: Buildings | D86: Memorial Elementary School | E86: EMS | F86: System Upgrade and Retrocommissioning | G86: Planned | H86: Winter 2022 | I86: 6127 | J86: 1520 | O86: 2850 | P86: 100000 | R86: 9759 | S86: 90241 | T86: Green Communities Grant | U86: Rise Engineering (Appendix A4)
C87: Buildings | D87: Town Hall | E87: EMS | F87: Retrocommission | G87: Planned | H87: Fall 2024 | I87: 3212 | J87: 212 | O87: 758 | P87: 15000 | R87: 640 | S87: 14360 | T87: Green Communities Grant | U87: Rise Engineering (Appendix A4)
C88: Buildings | D88: Town Hall | E88: Exterior Envelope Façade Repairs | F88: Weatherization | G88: Planned | H88: FY2021 | P88: 120000
C89: Buildings | D89: Town Hall | E89: Roof repairs | F89: Weatherization | G89: Planned | H89: FY2021 | P89: 20000
C90: Buildings | D90: Town Hall | E90: fan coil units (repair/replace) | F90: HVAC | G90: Planned | H90: FY2022 | P90: 9000
C91: Buildings | D91: town hall | E91: AHU (Air Handling Unity) repairs | F91: HVAC | G91: Planned | H91: FY2022 | P91: 2000
C92: Buildings | D92: town hall | E92: HW heater replacement | F92: Hot Water | G92: Planned | H92: FY2023 | P92: 8000
C93: Buildings | D93: town hall | E93: Chillder Plant Recommissioning | F93: HVAC | G93: Planned | H93: FY2024 | P93: 10000
C94: Buildings | D94: town hall | E94: Exhaust Fan Repair | F94: HVAC | G94: Planned | H94: FY2024 | P94: 5000
C95: Buildings | D95: town hall | E95: Exterior Envelope Sealant Replacement | F95: Weatherization | G95: Planned | H95: FY2025 | P95: 40000
C96: Buildings | D96: Town Hall | E96: Low-Flow Aerators | F96: Hot Water | G96: Planned | H96: Winter 2020 | I96: 5976 | O96: 956 | P96: 132 | R96: 0 | S96: 132 | T96: Green Communities Grant | U96: Rise Engineering (Appendix A4)
C97: Vehicles | D97: Vehicles | E97: Anti-Idling Policy | F97: Vehicles | G97: Planned | H97: Fall 2024 | M97: 1000 | N97: 1000 | O97: 3500 | S97: 0 | T97: N/A | U97: Town of Medfield
C98: Vehicles | D98: Vehicles | E98: Fleet Management Strategies | F98: Vehicles | G98: Planned | H98: Summer 2021 | M98: 2380 | N98: 3140 | O98: TBD | P98: TBD | R98: 0 | S98: TBD | T98: Green Communities Grant | U98: MAPC (Appendix D2)
C99: Buildings | D99: Wheelock Elementary School | E99: Replace Tempering Valves | F99: Hot Water | G99: Planned | H99: FY2021 | P99: 110000
C100: Buildings | D100: Wheelock Elementary School | E100: fan coil units (repair/replace) | F100: Hvac | G100: Planned | H100: fy2021 | P100: 70000
C101: Buildings | D101: Wheelock Elementary School | E101: Replace Shut Off Valves | F101: Hot Water | G101: Planned | H101: FY2021 | P101: 50000
C102: Buildings | D102: Wheelock Elementary School | E102: Exhaust Fan Replacement | F102: HVAC | G102: Planned | H102: FY2021 | P102: 25000
C103: Buildings | D103: Wheelock Elementary School | E103: electrical upgrades | F103: Other | G103: Planned | H103: Fy2022 | P103: 40000
C104: Buildings | D104: Wheelock Elementary School | E104: replace values to FanCoils Units | F104: hvac | G104: Planned | H104: FY2023 | P104: 30000
C105: Buildings | D105: Wheelock Elementary School | E105: replace pneumatic temp controls | F105: Building Control | G105: Planned | H105: FY2025 | P105: 100000
...

Sheet Crit 3 - Tbl 4 ECMs SAMPLE Data
C3: SAMPLE Criterion 3 Step 4: Complete Table 4 - ECMs
C4: Click here to return to Table 4 | G4: Table 4 SAMPLE Energy Conservation Measures Data
C5: ECMs | G5: Status | I5: Energy Data | O5: Financial Data | T5: Reference Data
C6: Category | D6: Building/Site Name | E6: Energy Conservation Measure Name | F6: ECM Type (select one from drop-down) | G6: Status (select one from drop-down) | H6: Status Date (Month -year completed or planned) | I6: Projected Annual Electricity Savings (kWh) | J6: Projected Annual Natural Gas Savings (therms) | K6: Projected Annual Oil Savings (gallons) | L6: Projected Annual Propane Savings (gallons) | M6: Projected Annual Gasoline Savings (gallons) | N6: Projected Annual Diesel Savings (gallons) | O6: Projected Annual Cost Savings ($) | P6: Total Installed Cost ($) | Q6: Green Community Grant ($) | R6: Utility Incentives ($) | S6: Net Cost ($) | T6: Funding Source(s) for Net Costs | U6: Source for Projected Savings
C7: Buildings | D7: Green School | E7: Lighting Retrofit | F7: Interior Lighting | G7: Complete | H7: 43862 | I7: 95252 | J7: 0 | K7: 0 | L7: 0 | M7: 0 | N7: 0 | O7: 8000 | P7: 25000 | Q7: 0 | R7: 12500 | S7: 12500 | T7: Town Capital Plan FY2011 | U7: http://www.energystar.gov/ia/business/downloads/BP_Checklist.pdf
C8: Buildings | D8: Town Hall | E8: Air Sealing | F8: Weatherization | G8: Active | H8: 44166 | I8: 0 | J8: 230 | K8: 0 | L8: 0 | M8: 0 | N8: 0 | O8: 1100 | P8: 3500 | Q8: 1750 | R8: 1750 | S8: 0 | T8: N/A | U8: A-Z Energy Audit, 2008
C9: Buildings | D9: Town Hall | E9: New Boiler | F9: HVAC | G9: Planned | H9: 44866 | I9: 0 | J9: 17122 | K9: 0 | L9: 0 | M9: 0 | N9: 0 | O9: 5000 | P9: 50000 | Q9: 35000 | R9: 15000 | S9: 0 | T9: N/A | U9: Boilers-to-Go Quote, 2009
C10: Street Lights | E10: LED Conversion | F10: Exterior Lighting | G10: Active | H10: 44197 | I10: 6000 | J10: 0 | K10: 0 | L10: 0 | M10: 0 | N10: 0 | O10: 2500 | P10: 5000 | Q10: 0 | R10: 2500 | S10: 2500 | T10: Town Operating Budget FY2011 | U10: LED Signals Today Quote, 2009
C11: Buildings | D11: Drinking Water Treatment Plant | E11: 2 Variable Speed Drives | F11: Pump/Motor/Drive | G11: Complete | H11: 43891 | I11: 500000 | J11: 0 | K11: 0 | L11: 0 | M11: 0 | N11: 0 | O11: 40000 | P11: 200000 | Q11: 0 | R11: 100000 | S11: 100000 | T11: Town Bond FY2016 | U11: Energy Masters Technical Study, 2010
C12: Vehicles | E12: Anti-idling retrofit for 2 police cruisers | F12: Vehicles | G12: Planned | H12: 44044 | I12: 0 | J12: 0 | K12: 400 | L12: 400 | M12: 400 | N12: 400 | O12: 4500 | P12: 6000 | Q12: 0 | R12: 0 | S12: 6000 | T12: Town Operating Budget FY2018 | U12: green.autoblog.com
C13: TOTAL Projected Savings | I13: =SUM(I7:I12) -> 601252 | J13: =SUM(J7:J12) -> 17352 | K13: =SUM(K7:K12) -> 400 | L13: =SUM(L7:L12) -> 400 | M13: =SUM(M7:M12) -> 400 | N13: =SUM(N7:N12) -> 400 | O13: =SUM(O7:O12) -> 61100 | P13: =SUM(P7:P12) -> 289500 | ... S13: =SUM(S7:S12) -> 121000
C14: TOTAL MMBtu SAVINGS | G14: =SUM(I14:N14) -> 4661.7998 | I14: =I13*0.003412 -> 2051.4718 | J14: =J13*0.139 -> 2411.928 | K14: =K13*0.124 -> 49.6 | L14: =L13*0.124 -> 49.6 | M14: =M13*0.124 -> 49.6 | N14: =N13*0.124 -> 49.6

Sheet RE Guidance
C2: GUIDANCE FOR REPORTING RENEWABLE ENERGY GENERATION AS ENERGY CONSUMPTION
C4: The following scenarios apply to renewable energy systems that are interconnected to the electric grid. It is possible that more than one scenario applies to the same renewable energy system; for example, a solar PV system may generate less energy than its building uses in the winter (scenario 1), but generate more energy than its building uses in the summer (scenario 2). Ideally, calculations should be done for each month.
C10: 1) Do you have Conventional Net Metering?
C11: If yes, see RE Scenario 1 and RE Scenario 2
C18: 2) Do you have Virtual Net Metering?
C19: If yes, see RE Scenario 3
C25: 3) Do you live in an MLP?
C26: If yes, see RE Scenario 4
C29: RE Scenario 1: Conventional Net Metering, System Generation < Building Use = Importing Power
C31: If the building uses more electricity than the RE system generates, your electric meter registers postitive. The building is importing power from the electric company. Then a Green Community should add in the amount of RE generation. This means the total building energy use = total kWh on electric bill + kWh generated by RE.
C33: For example:
C34: Total Grid Electricity on electric bill (kWh): 3,000
... C81: Action: Generation does not impact baseline and should NOT be loaded into MassEnergyInsight. Provide information needed as noted above.

Sheet Crit 3 - Table 5 RE
C3: Please refer to Guidance on Reporting Renewable Energy Generation and Only Include Projects with Conventional
C4: Net Metering (scenario 1 and scenario 2) in Table 5
C5: Criterion 3 Step 5: Complete Table 5 - Renewable Energy
C6: Project Description | G6: Status and Timing | I6: Electricity Data | K6: Thermal Energy Data (representing consumption) | N6: Financial Data | S6: Reference Info
C7: Project Name | D7: Resource Type (select from drop down) | E7: Site Type (select from drop down) | F7: Town Procuring Energy Output? (select from drop down) | G7: Project Status (select from drop down) | H7: Year Completed (i.e., 2016) | I7: Size of System (kW, DC) | J7: Annual Electricity Generation (kWh) | K7: Annual Natural Gas (therms) | L7: Annual Wood (cords) | M7: Annual Wood (pellets) | N7: Annual Cost Savings ($) | O7: Total Installed Cost ($) | P7: Green Community Grant ($) | Q7: Other Grant ($) | R7: Net Cost ($) | S7: Funding Source(s) for Net Costs | T7: Source for Projected Savings
C8: Sample Data - City Hall | D8: Solar PV, Roof | E8: Municipal Building | F8: Y - conventional net metered | G8: Complete | H8: 2016 | I8: 26.5 | J8: 26507 | N8: =(H8*0.15) -> 302.4 | O8: 439632 | P8: 0 | Q8: 337500 | R8: =(O8-Q8) -> 102132 | S8: City Capital Funds | T8: Soltrex online PV systems portfolio dashboard
C9: WasterWater Treatment Plan | D9: Solar PV, Ground | E9: Water/Wastewater Plant | F9: Y - conventional net metered | G9: Complete | H9: 2015 | I9: 281 | J9: 29956 | O9: 431800 | P9: 0 | Q9: 180000 | R9: 251800 | S9: Town Bond
C10: Police (Public Safety Building) | D10: Solar PV, Roof | E10: Municipal Building | F10: Y - conventional net metered | G10: Complete | H10: 2016 | I10: 60 | J10: 6871 | P10: 0
C15: To insert additional rows, select this row, right-click, and select "Insert."
C16: TOTALS | J16: =SUM(J9:J15) -> 36827 | K16: =SUM(K9:K15) -> 0 | L16: =SUM(L9:L15) -> 0 | M16: =SUM(M9:M15) -> 0
C17: TOTAL RENEWABLE ENERGY PRODUCTION (MMBtu) | J17: =J16*0.003412 -> 125.65372 | L17: =L16*0.003412 -> 0 | M17: =M16*0.003412 -> 0 | N17: =SUM(N9:N16) -> 0 | O17: =SUM(O9:O16) -> 431800 | P17: =SUM(P9:P16) -> 0 | Q17: =SUM(Q9:Q16) -> 180000 | R17: =SUM(R9:R16) -> 251800

Sheet Crit 4 - Vehicle Policies
C3: Criterion 4 - Purchase Fuel Efficient Vehicles
C4: Since your last Annual Report OR Green Communities Designation (if first Annual Report) has your municipality…
C5: 1) Replaced an exempt or non-exempt vehicle? | K5: NO
C7: 2) Acquired a new exempt or non-exempt vehicle, and/or conducted inter-departmental vehicle transfers? | K7: NO
C8: NOTE: Inter-departmental transfers must comply with MPG requirements of Fuel Efficiency Policy
C10: If the answer to #1 and/or #2 above is "yes", Please provde a list of all vehicles (Both exempt and non-exempt) for ALL departments, including schools (as appropriate), that were acquired, retired and/or transferred in since your last Annual Report or Designation Application (if first Annual Report). Please do not report any exempt off-road vehicles, trailers, etc. In the spreadsheet on the following tab (Crit 4 -Table 6), 1) List in the top table all vehicles acquired or transferred since the last annual report, noting which vehicles they are replacing, and/or 2) List all vehicles removed from the municipal fleet in the bottom table
C12: 3) Installed an electric vehicle charging station during the reporting period? | K12: NO
C14: 4) Installed idle-reduction technology on any vehicles during the reporting period? | K14: NO
C16: 5) Implemented anti-idling technology and/or campaigns during the reporting period? | K16: YES
C18: 6) Implemented a driving monitoring system that records miles driven and/or fuel consumption during the reporting period? | K18: NO
C20: 7) Implement a fuel use reporting system for operators on fuel efficiency during the reporting period? | K20: NO
C22: 8) Implement any other policies and/or technologies not listed above during the reporting period? | K22: NO
C23: Estimate annual fuel savings from each new technology or policy in the yellow box below. Also attach any new vehicle policies and technologies adopted by the municipality to this annual report.
C27: 9) Does the community meet Criterion 4 through alternative compliance? | K27: NO
C28: =IF(K27="Yes","Provide a narrative in the space below of the policies and programs that have been adopted to reduce fuel consumption in the yellow box below.","")
C32: =IF(K27="Yes","10) For communities that met Criterion 4 through alternative compliance, provide as a status regarding the success of these programs and policies.","")

Sheet Crit 4- Table 6 Vehicle Inv
C3: Changes in Vehicle Inventory
C4: Provide a list of all vehicles (both exempt and non-exempt) for ALL departments, including schools, that were acquired, retired, and/or transferred to other departments since your last Annual Report or Designation Application (if this is your community's first Annual Report). Please do not report any exempt off-road vehicles, trailers, streetsweepers, etc. NOTE: For the purposes of the program, municipalities must use the EPA combined fuel economy estimate listed at FuelEconomy.gov for vehicles with a GVWR < 8,500 pounds. If the vehicle is not listed on FuelEconomy.gov then list N/A for MPG rating.
C5: List new acquisitions in this table
C7: Is this a new acquisition? | D7: If the vehicle is a replacement, what vehicle did it replace? Please reference vehicle listed in "Vehicles Retired" table below. If transferred from another department, indicate which one. | E7: Make | F7: Model | G7: Market Class (choose from drop-down list) | H7: Model Year | I7: Month/Year acquired | J7: Drive System (choose from drop-down list) | K7: > 8500 pounds? (choose from drop-down list) | L7: COMBINED MPG Rating (Click here for fueleconomy.gov) | M7: Vehicle Function (i.e. DPW, Police, Inspector) | N7: Used for Emergency Response? (choose from drop-down list) | O7: ADMIN ONLY
O8: Exempt or Non-Exempt? | P8: Meets GC Fuel Efficiency Rating?
D9: None to report | O9: =IF(K9="","",IF(K9="<Select One>","",IF(N9="","",IF(K9="Y","Exempt",IF(N9="Y","Exempt","Non-Exempt"))))) | P9: =IF(O9="","",IFERROR(IF(O9="Exempt","N/A, Vehicle is exempt",IF(AND($O9="Non-Exempt",$L9>=VLOOKUP($G9&$J9,'DOER reference'!$W$4:$X$15,2,FALSE)),"Yes","No, please contact your Regional Coordinator")),""))
O10: =IF(K10="","",IF(K10="<Select One>","",IF(N10="","",IF(K10="Y","Exempt",IF(N10="Y","Exempt","Non-Exempt"))))) | P10: =IF(O10="","",IFERROR(IF(O10="Exempt","N/A, Vehicle is exempt",IF(AND($O10="Non-Exempt",$L10>=VLOOKUP($G10&$J10,'DOER reference'!$W$4:$X$15,2,FALSE)),"Yes","No, please contact your Regional Coordinator")),""))
O11: =IF(K11="","",IF(K11="<Select One>","",IF(N11="","",IF(K11="Y","Exempt",IF(N11="Y","Exempt","Non-Exempt"))))) | P11: =IF(O11="","",IFERROR(IF(O11="Exempt","N/A, Vehicle is exempt",IF(AND($O11="Non-Exempt",$L11>=VLOOKUP($G11&$J11,'DOER reference'!$W$4:$X$15,2,FALSE)),"Yes","No, please contact your Regional Coordinator")),""))
O12: =IF(K12="","",IF(K12="<Select One>","",IF(N12="","",IF(K12="Y","Exempt",IF(N12="Y","Exempt","Non-Exempt"))))) | P12: =IF(O12="","",IFERROR(IF(O12="Exempt","N/A, Vehicle is exempt",IF(AND($O12="Non-Exempt",$L12>=VLOOKUP($G12&$J12,'DOER reference'!$W$4:$X$15,2,FALSE)),"Yes","No, please contact your Regional Coordinator")),""))
O13: =IF(K13="","",IF(K13="<Select One>","",IF(N13="","",IF(K13="Y","Exempt",IF(N13="Y","Exempt","Non-Exempt"))))) | P13: =IF(O13="","",IFERROR(IF(O13="Exempt","N/A, Vehicle is exempt",IF(AND($O13="Non-Exempt",$L13>=VLOOKUP($G13&$J13,'DOER reference'!$W$4:$X$15,2,FALSE)),"Yes","No, please contact your Regional Coordinator")),""))
O14: =IF(K14="","",IF(K14="<Select One>","",IF(N14="","",IF(K14="Y","Exempt",IF(N14="Y","Exempt","Non-Exempt"))))) | P14: =IF(O14="","",IFERROR(IF(O14="Exempt","N/A, Vehicle is exempt",IF(AND($O14="Non-Exempt",$L14>=VLOOKUP($G14&$J14,'DOER reference'!$W$4:$X$15,2,FALSE)),"Yes","No, please contact your Regional Coordinator")),""))
O16: =IF(K16="","",IF(K16="<Select One>","",IF(N16="","",IF(K16="Y","Exempt",IF(N16="Y","Exempt","Non-Exempt"))))) | P16: =IF(O16="","",IFERROR(IF(O16="Exempt","N/A, Vehicle is exempt",IF(AND($O16="Non-Exempt",$L16>=VLOOKUP($G16&$J16,'DOER reference'!$W$4:$X$15,2,FALSE)),"Yes","No, please contact your Regional Coordinator")),""))
O17: =IF(K17="","",IF(K17="<Select One>","",IF(N17="","",IF(K17="Y","Exempt",IF(N17="Y","Exempt","Non-Exempt"))))) | P17: =IF(O17="","",IFERROR(IF(O17="Exempt","N/A, Vehicle is exempt",IF(AND($O17="Non-Exempt",$L17>=VLOOKUP($G17&$J17,'DOER reference'!$W$4:$X$15,2,FALSE)),"Yes","No, please contact your Regional Coordinator")),""))
O18: =IF(K18="","",IF(K18="<Select One>","",IF(N18="","",IF(K18="Y","Exempt",IF(N18="Y","Exempt","Non-Exempt"))))) | P18: =IF(O18="","",IFERROR(IF(O18="Exempt","N/A, Vehicle is exempt",IF(AND($O18="Non-Exempt",$L18>=VLOOKUP($G18&$J18,'DOER reference'!$W$4:$X$15,2,FALSE)),"Yes","No, please contact your Regional Coordinator")),""))
O19: =IF(K19="","",IF(K19="<Select One>","",IF(N19="","",IF(K19="Y","Exempt",IF(N19="Y","Exempt","Non-Exempt"))))) | P19: =IF(O19="","",IFERROR(IF(O19="Exempt","N/A, Vehicle is exempt",IF(AND($O19="Non-Exempt",$L19>=VLOOKUP($G19&$J19,'DOER reference'!$W$4:$X$15,2,FALSE)),"Yes","No, please contact your Regional Coordinator")),""))
O20: =IF(K20="","",IF(K20="<Select One>","",IF(N20="","",IF(K20="Y","Exempt",IF(N20="Y","Exempt","Non-Exempt"))))) | P20: =IF(O20="","",IFERROR(IF(O20="Exempt","N/A, Vehicle is exempt",IF(AND($O20="Non-Exempt",$L20>=VLOOKUP($G20&$J20,'DOER reference'!$W$4:$X$15,2,FALSE)),"Yes","No, please contact your Regional Coordinator")),""))
O21: =IF(K21="","",IF(K21="<Select One>","",IF(N21="","",IF(K21="Y","Exempt",IF(N21="Y","Exempt","Non-Exempt"))))) | P21: =IF(O21="","",IFERROR(IF(O21="Exempt","N/A, Vehicle is exempt",IF(AND($O21="Non-Exempt",$L21>=VLOOKUP($G21&$J21,'DOER reference'!$W$4:$X$15,2,FALSE)),"Yes","No, please contact your Regional Coordinator")),""))
O22: =IF(K22="","",IF(K22="<Select One>","",IF(N22="","",IF(K22="Y","Exempt",IF(N22="Y","Exempt","Non-Exempt"))))) | P22: =IF(O22="","",IFERROR(IF(O22="Exempt","N/A, Vehicle is exempt",IF(AND($O22="Non-Exempt",$L22>=VLOOKUP($G22&$J22,'DOER reference'!$W$4:$X$15,2,FALSE)),"Yes","No, please contact your Regional Coordinator")),""))
... O43: =IF(K43="","",IF(K43="<Select One>","",IF(N43="","",IF(K43="Y","Exempt",IF(N43="Y","Exempt","Non-Exempt"))))) | P43: =IF(O43="","",IFERROR(IF(O43="Exempt","N/A, Vehicle is exempt",IF(AND($O43="Non-Exempt",$L43>=VLOOKUP($G43&$J43,'DOER reference'!$W$4:$X$15,2,FALSE)),"Yes","No, please contact your Regional Coordinator")),""))
C45: List vehicle retirements in this table
D46: Was this vehicle removed from the fleet? | E46: Make | F46: Model | G46: Market Class | H46: Model Year | I46: Month/Year Purchased | J46: Drive System: 2WD, 4WD, AWD | K46: > 8500 pounds? (Y or N or NA) | M46: Vehicle Function before retirement (i.e. DPW, Police, Fire) | N46: Used for Emergency Response? (choose from drop-down list) | O46: ADMIN ONY Exempt or Non-Exempt?
D47: YES | E47: Ford | F47: F250 | G47: Pickup Truck | H47: 2001 | I47: unknown | J47: 4WD | K47: Y | M47: Water Department | N47: N | O47: =IF(K47="","",IF(K47="<Select One>","",IF(N47="","",IF(K47="Y","Exempt",IF(N47="Y","Exempt","Non-Exempt"))))) -> Exempt
D48: YES | E48: Mack | F48: Pumper | G48: Other | H48: 1983 | I48: unknown | J48: 2WD | K48: Y | M48: Fire Department | N48: Y | O48: =IF(K48="","",IF(K48="<Select One>","",IF(N48="","",IF(K48="Y","Exempt",IF(N48="Y","Exempt","Non-Exempt"))))) -> Exempt
O49: =IF(K49="","",IF(K49="<Select One>","",IF(N49="","",IF(K49="Y","Exempt",IF(N49="Y","Exempt","Non-Exempt")))))
O50: =IF(K50="","",IF(K50="<Select One>","",IF(N50="","",IF(K50="Y","Exempt",IF(N50="Y","Exempt","Non-Exempt")))))
O51: =IF(K51="","",IF(K51="<Select One>","",IF(N51="","",IF(K51="Y","Exempt",IF(N51="Y","Exempt","Non-Exempt")))))
O52: =IF(K52="","",IF(K52="<Select One>","",IF(N52="","",IF(K52="Y","Exempt",IF(N52="Y","Exempt","Non-Exempt")))))
O53: =IF(K53="","",IF(K53="<Select One>","",IF(N53="","",IF(K53="Y","Exempt",IF(N53="Y","Exempt","Non-Exempt")))))
O54: =IF(K54="","",IF(K54="<Select One>","",IF(N54="","",IF(K54="Y","Exempt",IF(N54="Y","Exempt","Non-Exempt")))))
O55: =IF(K55="","",IF(K55="<Select One>","",IF(N55="","",IF(K55="Y","Exempt",IF(N55="Y","Exempt","Non-Exempt")))))
O56: =IF(K56="","",IF(K56="<Select One>","",IF(N56="","",IF(K56="Y","Exempt",IF(N56="Y","Exempt","Non-Exempt")))))
O57: =IF(K57="","",IF(K57="<Select One>","",IF(N57="","",IF(K57="Y","Exempt",IF(N57="Y","Exempt","Non-Exempt")))))
O58: =IF(K58="","",IF(K58="<Select One>","",IF(N58="","",IF(K58="Y","Exempt",IF(N58="Y","Exempt","Non-Exempt")))))
O59: =IF(K59="","",IF(K59="<Select One>","",IF(N59="","",IF(K59="Y","Exempt",IF(N59="Y","Exempt","Non-Exempt")))))
O60: =IF(K60="","",IF(K60="<Select One>","",IF(N60="","",IF(K60="Y","Exempt",IF(N60="Y","Exempt","Non-Exempt")))))
... O80: =IF(K80="","",IF(K80="<Select One>","",IF(N80="","",IF(K80="Y","Exempt",IF(N80="Y","Exempt","Non-Exempt")))))

Sheet Crit 4- Table 6 SAMPLE
C3: Changes in Vehicle Inventory
C4: Provide a list of all vehicles (both exempt and non-exempt) for ALL departments, including schools, that were acquired, retired, and/or transferred to other departments since your last Annual Report or Designation Application (if this is your community's first Annual Report). Please do not report any exempt off-road vehicles, trailers, streetsweepers, etc. NOTE: For the purposes of the program, municipalities must use the EPA combined fuel economy estimate listed at FuelEconomy.gov for vehicles with a GVWR < 8,500 pounds. If the vehicle is not listed on FuelEconomy.gov then list N/A for MPG rating.
C5: List new acquisitions in this table
C7: Is this a new acquisition? | D7: If the vehicle was transferred, what vehicle did it replace? Please reference vehicle listed in "Vehicles Retired" table below. If transferred from another department, indicate which one. | E7: Make | F7: Model | G7: Market Class (choose from drop-down list) | H7: Model Year | I7: Month/Year acquired | J7: Drive System (choose from drop-down list) | K7: > 8500 pounds? (choose from drop-down list) | L7: COMBINED MPG Rating (Click here for fueleconomy.gov) | M7: Vehicle Function (i.e. DPW, Police, Inspector) | N7: Used for Emergency Response? (choose from drop-down list) | O7: ADMIN ONLY
O8: Exempt or Non-Exempt? | P8: Meets GC Fuel Efficiency Rating?
C9: YES | D9: Crown Victoria in row 42 | E9: Ford | F9: Focus | G9: Car | H9: 2018 | I9: 42948 | J9: 2WD | K9: N | L9: 31 | M9: Inspector/Assessor shared car | N9: N | O9: =IF(K9="","",IF(K9="<Select One>","",IF(N9="","",IF(K9="Y","Exempt",IF(N9="Y","Exempt","Non-Exempt"))))) -> Non-Exempt | P9: =IF(O9="","",IFERROR(IF(O9="Exempt","N/A, Vehicle is exempt",IF(AND($O9="Non-Exempt",$L9>=VLOOKUP($G9&$J9,'DOER reference'!$W$4:$X$15,2,FALSE)),"Yes","No, please contact your Regional Coordinator")),"")) -> Yes
C10: YES | D10: New Vehicle; no replacement | E10: Ford | F10: Explorer | G10: Sport Utility Vehicle or SUV | H10: 2017 | I10: 43191 | J10: AWD | K10: N | L10: 19 | M10: Police CRUISER | N10: Y | O10: =IF(K10="","",IF(K10="<Select One>","",IF(N10="","",IF(K10="Y","Exempt",IF(N10="Y","Exempt","Non-Exempt"))))) -> Exempt | P10: =IF(O10="","",IFERROR(IF(O10="Exempt","N/A, Vehicle is exempt",IF(AND($O10="Non-Exempt",$L10>=VLOOKUP($G10&$J10,'DOER reference'!$W$4:$X$15,2,FALSE)),"Yes","No, please contact your Regional Coordinator")),"")) -> N/A, Vehicle is exempt
C11: YES | D11: Taurus in row 43 | E11: Ford | F11: Explorer | G11: Sport Utility Vehicle or SUV | H11: 2018 | I11: 43192 | J11: AWD | K11: N | L11: 19 | M11: Police CRUISER | N11: Y | O11: =IF(K11="","",IF(K11="<Select One>","",IF(N11="","",IF(K11="Y","Exempt",IF(N11="Y","Exempt","Non-Exempt"))))) -> Exempt | P11: =IF(O11="","",IFERROR(IF(O11="Exempt","N/A, Vehicle is exempt",IF(AND($O11="Non-Exempt",$L11>=VLOOKUP($G11&$J11,'DOER reference'!$W$4:$X$15,2,FALSE)),"Yes","No, please contact your Regional Coordinator")),"")) -> N/A, Vehicle is exempt
C12: YES | D12: chevy dump row 44 | E12: Ford | F12: F550 | G12: Pickup Truck | H12: 2018 | I12: 43191 | J12: 4WD | K12: Y | L12: N/A | M12: DPW | N12: N | O12: =IF(K12="","",IF(K12="<Select One>","",IF(N12="","",IF(K12="Y","Exempt",IF(N12="Y","Exempt","Non-Exempt"))))) -> Exempt | P12: =IF(O12="","",IFERROR(IF(O12="Exempt","N/A, Vehicle is exempt",IF(AND($O12="Non-Exempt",$L12>=VLOOKUP($G12&$J12,'DOER reference'!$W$4:$X$15,2,FALSE)),"Yes","No, please contact your Regional Coordinator")),"")) -> N/A, Vehicle is exempt
C13: Transferred | D13: Transferred from Engineer Dept. | E13: Cheverlet | F13: Silverado | G13: Pickup Truck | H13: 2014 | I13: 41821 | J13: 4WD | K13: N | L13: 18 | M13: Parks and Recreation | N13: N | O13: =IF(K13="","",IF(K13="<Select One>","",IF(N13="","",IF(K13="Y","Exempt",IF(N13="Y","Exempt","Non-Exempt"))))) -> Non-Exempt | P13: =IF(O13="","",IFERROR(IF(O13="Exempt","N/A, Vehicle is exempt",IF(AND($O13="Non-Exempt",$L13>=VLOOKUP($G13&$J13,'DOER reference'!$W$4:$X$15,2,FALSE)),"Yes","No, please contact your Regional Coordinator")),"")) -> Yes
C14: YES | D14: Chevy Silverado (above) | E14: Cheverlet | F14: Equinox | G14: Sport Utility Vehicle or SUV | H14: 2018 | I14: 43282 | J14: AWD | K14: N | L14: 20 | M14: Engineer | N14: N | O14: =IF(K14="","",IF(K14="<Select One>","",IF(N14="","",IF(K14="Y","Exempt",IF(N14="Y","Exempt","Non-Exempt"))))) -> Non-Exempt | P14: =IF(O14="","",IFERROR(IF(O14="Exempt","N/A, Vehicle is exempt",IF(AND($O14="Non-Exempt",$L14>=VLOOKUP($G14&$J14,'DOER reference'!$W$4:$X$15,2,FALSE)),"Yes","No, please contact your Regional Coordinator")),"")) -> Yes
O15: =IF(K15="","",IF(K15="<Select One>","",IF(N15="","",IF(K15="Y","Exempt",IF(N15="Y","Exempt","Non-Exempt"))))) | P15: =IF(O15="","",IFERROR(IF(O15="Exempt","N/A, Vehicle is exempt",IF(AND($O15="Non-Exempt",$L15>=VLOOKUP($G15&$J15,'DOER reference'!$W$4:$X$15,2,FALSE)),"Yes","No, please contact your Regional Coordinator")),""))
O16: =IF(K16="","",IF(K16="<Select One>","",IF(N16="","",IF(K16="Y","Exempt",IF(N16="Y","Exempt","Non-Exempt"))))) | P16: =IF(O16="","",IFERROR(IF(O16="Exempt","N/A, Vehicle is exempt",IF(AND($O16="Non-Exempt",$L16>=VLOOKUP($G16&$J16,'DOER reference'!$W$4:$X$15,2,FALSE)),"Yes","No, please contact your Regional Coordinator")),""))
O17: =IF(K17="","",IF(K17="<Select One>","",IF(N17="","",IF(K17="Y","Exempt",IF(N17="Y","Exempt","Non-Exempt"))))) | P17: =IF(O17="","",IFERROR(IF(O17="Exempt","N/A, Vehicle is exempt",IF(AND($O17="Non-Exempt",$L17>=VLOOKUP($G17&$J17,'DOER reference'!$W$4:$X$15,2,FALSE)),"Yes","No, please contact your Regional Coordinator")),""))
O18: =IF(K18="","",IF(K18="<Select One>","",IF(N18="","",IF(K18="Y","Exempt",IF(N18="Y","Exempt","Non-Exempt"))))) | P18: =IF(O18="","",IFERROR(IF(O18="Exempt","N/A, Vehicle is exempt",IF(AND($O18="Non-Exempt",$L18>=VLOOKUP($G18&$J18,'DOER reference'!$W$4:$X$15,2,FALSE)),"Yes","No, please contact your Regional Coordinator")),""))
O19: =IF(K19="","",IF(K19="<Select One>","",IF(N19="","",IF(K19="Y","Exempt",IF(N19="Y","Exempt","Non-Exempt"))))) | P19: =IF(O19="","",IFERROR(IF(O19="Exempt","N/A, Vehicle is exempt",IF(AND($O19="Non-Exempt",$L19>=VLOOKUP($G19&$J19,'DOER reference'!$W$4:$X$15,2,FALSE)),"Yes","No, please contact your Regional Coordinator")),""))
O20: =IF(K20="","",IF(K20="<Select One>","",IF(N20="","",IF(K20="Y","Exempt",IF(N20="Y","Exempt","Non-Exempt"))))) | P20: =IF(O20="","",IFERROR(IF(O20="Exempt","N/A, Vehicle is exempt",IF(AND($O20="Non-Exempt",$L20>=VLOOKUP($G20&$J20,'DOER reference'!$W$4:$X$15,2,FALSE)),"Yes","No, please contact your Regional Coordinator")),""))
O21: =IF(K21="","",IF(K21="<Select One>","",IF(N21="","",IF(K21="Y","Exempt",IF(N21="Y","Exempt","Non-Exempt"))))) | P21: =IF(O21="","",IFERROR(IF(O21="Exempt","N/A, Vehicle is exempt",IF(AND($O21="Non-Exempt",$L21>=VLOOKUP($G21&$J21,'DOER reference'!$W$4:$X$15,2,FALSE)),"Yes","No, please contact your Regional Coordinator")),""))
O22: =IF(K22="","",IF(K22="<Select One>","",IF(N22="","",IF(K22="Y","Exempt",IF(N22="Y","Exempt","Non-Exempt"))))) | P22: =IF(O22="","",IFERROR(IF(O22="Exempt","N/A, Vehicle is exempt",IF(AND($O22="Non-Exempt",$L22>=VLOOKUP($G22&$J22,'DOER reference'!$W$4:$X$15,2,FALSE)),"Yes","No, please contact your Regional Coordinator")),""))
O23: =IF(K23="","",IF(K23="<Select One>","",IF(N23="","",IF(K23="Y","Exempt",IF(N23="Y","Exempt","Non-Exempt"))))) | P23: =IF(O23="","",IFERROR(IF(O23="Exempt","N/A, Vehicle is exempt",IF(AND($O23="Non-Exempt",$L23>=VLOOKUP($G23&$J23,'DOER reference'!$W$4:$X$15,2,FALSE)),"Yes","No, please contact your Regional Coordinator")),""))
O24: =IF(K24="","",IF(K24="<Select One>","",IF(N24="","",IF(K24="Y","Exempt",IF(N24="Y","Exempt","Non-Exempt"))))) | P24: =IF(O24="","",IFERROR(IF(O24="Exempt","N/A, Vehicle is exempt",IF(AND($O24="Non-Exempt",$L24>=VLOOKUP($G24&$J24,'DOER reference'!$W$4:$X$15,2,FALSE)),"Yes","No, please contact your Regional Coordinator")),""))
O25: =IF(K25="","",IF(K25="<Select One>","",IF(N25="","",IF(K25="Y","Exempt",IF(N25="Y","Exempt","Non-Exempt"))))) | P25: =IF(O25="","",IFERROR(IF(O25="Exempt","N/A, Vehicle is exempt",IF(AND($O25="Non-Exempt",$L25>=VLOOKUP($G25&$J25,'DOER reference'!$W$4:$X$15,2,FALSE)),"Yes","No, please contact your Regional Coordinator")),""))
O26: =IF(K26="","",IF(K26="<Select One>","",IF(N26="","",IF(K26="Y","Exempt",IF(N26="Y","Exempt","Non-Exempt"))))) | P26: =IF(O26="","",IFERROR(IF(O26="Exempt","N/A, Vehicle is exempt",IF(AND($O26="Non-Exempt",$L26>=VLOOKUP($G26&$J26,'DOER reference'!$W$4:$X$15,2,FALSE)),"Yes","No, please contact your Regional Coordinator")),""))
... O38: =IF(K38="","",IF(K38="<Select One>","",IF(N38="","",IF(K38="Y","Exempt",IF(N38="Y","Exempt","Non-Exempt"))))) | P38: =IF(O38="","",IFERROR(IF(O38="Exempt","N/A, Vehicle is exempt",IF(AND($O38="Non-Exempt",$L38>=VLOOKUP($G38&$J38,'DOER reference'!$W$4:$X$15,2,FALSE)),"Yes","No, please contact your Regional Coordinator")),""))
C40: List vehicle retirements in this table
D41: Was this vehicle removed from the fleet? | E41: Make | F41: Model | G41: Market Class | H41: Model Year | I41: Month/Year Purchased | J41: Drive System: 2WD, 4WD, AWD | K41: > 8500 pounds? (Y or N or NA) | M41: Vehicle Function before retirement (i.e. DPW, Police, Fire) | N41: Used for Emergency Response? (choose from drop-down list) | O41: ADMIN ONY Exempt or Non-Exempt?
D42: YES | E42: Ford | F42: Crown Victoria | G42: Car | H42: 1999 | I42: 36342 | J42: 2WD | K42: N | M42: Assesor | N42: Y | O42: =IF(K42="","",IF(K42="<Select One>","",IF(N42="","",IF(K42="Y","Exempt",IF(N42="Y","Exempt","Non-Exempt"))))) -> Exempt
D43: YES | E43: Ford | F43: Taurus | G43: Car | H43: 2005 | I43: 38353 | J43: 2WD | K43: N | M43: police cruiser | N43: N | O43: =IF(K43="","",IF(K43="<Select One>","",IF(N43="","",IF(K43="Y","Exempt",IF(N43="Y","Exempt","Non-Exempt"))))) -> Non-Exempt
D44: YES | E44: Chevy | F44: dump | G44: Pickup Truck | H44: 2006 | K44: Y | M44: DPW | N44: N | O44: =IF(K44="","",IF(K44="<Select One>","",IF(N44="","",IF(K44="Y","Exempt",IF(N44="Y","Exempt","Non-Exempt"))))) -> Exempt
O45: =IF(K45="","",IF(K45="<Select One>","",IF(N45="","",IF(K45="Y","Exempt",IF(N45="Y","Exempt","Non-Exempt")))))
O46: =IF(K46="","",IF(K46="<Select One>","",IF(N46="","",IF(K46="Y","Exempt",IF(N46="Y","Exempt","Non-Exempt")))))
O47: =IF(K47="","",IF(K47="<Select One>","",IF(N47="","",IF(K47="Y","Exempt",IF(N47="Y","Exempt","Non-Exempt")))))
O48: =IF(K48="","",IF(K48="<Select One>","",IF(N48="","",IF(K48="Y","Exempt",IF(N48="Y","Exempt","Non-Exempt")))))
O49: =IF(K49="","",IF(K49="<Select One>","",IF(N49="","",IF(K49="Y","Exempt",IF(N49="Y","Exempt","Non-Exempt")))))
O50: =IF(K50="","",IF(K50="<Select One>","",IF(N50="","",IF(K50="Y","Exempt",IF(N50="Y","Exempt","Non-Exempt")))))
O51: =IF(K51="","",IF(K51="<Select One>","",IF(N51="","",IF(K51="Y","Exempt",IF(N51="Y","Exempt","Non-Exempt")))))
O52: =IF(K52="","",IF(K52="<Select One>","",IF(N52="","",IF(K52="Y","Exempt",IF(N52="Y","Exempt","Non-Exempt")))))
O53: =IF(K53="","",IF(K53="<Select One>","",IF(N53="","",IF(K53="Y","Exempt",IF(N53="Y","Exempt","Non-Exempt")))))
O54: =IF(K54="","",IF(K54="<Select One>","",IF(N54="","",IF(K54="Y","Exempt",IF(N54="Y","Exempt","Non-Exempt")))))
O55: =IF(K55="","",IF(K55="<Select One>","",IF(N55="","",IF(K55="Y","Exempt",IF(N55="Y","Exempt","Non-Exempt")))))
O56: =IF(K56="","",IF(K56="<Select One>","",IF(N56="","",IF(K56="Y","Exempt",IF(N56="Y","Exempt","Non-Exempt")))))
... O75: =IF(K75="","",IF(K75="<Select One>","",IF(N75="","",IF(K75="Y","Exempt",IF(N75="Y","Exempt","Non-Exempt")))))

Sheet Crit 5 - Stretch Code complianc
C3: Criterion 5 - Minimize Life-Cycle Costs in New Construction
C5: Is the stretch code still in effect? | I5: YES
C8: Were any residential occupancy permits issued since your last Annual Report or Designation Application (if first Annual Report)? | I8: YES
C11: How many occupancy permits were issued for new commericial construction over 100,000 sq.ft.? | I11: 0
C13: Please provide in the space below any anecdotal information about your community's experience with the Stretch Code (e.g. local banks loaning more to people purchasing stretch code homes, satisfied homeowners, frustrated builders, etc.).
C14: Stretch code is still in effect. Occupancy permits were given to 17 residential buildings and an apartment building with 16 units.
C16: DOER will access HERS scores reported to ResNet to ensure compliance

Sheet Other Notes
C3: Other Notes
C6: Please provide in the space below any information about additional measures taken by the community that are consistent with its status as a designated Green Community(e.g. additional as-of-right siting put in place since designation for renewable or alternative energy generation, R&D, or Manufacturing facilities).
C13: Please provide in the space below what percentage of your municipality's electricity consumption is supported by renewable energy generation? Of this percentage, how much of this is onsite generation? How much of this is net metering? How much of this is through the purchase of Renewable Energy Certificates (RECs)?
C14: Medfield has a total of 125 MMBTus of solar energy on-site which makes up .3% of total building energy usage.

Sheet DOER reference
A1: <Select One> | B1: 3 | C1: blank | D1: blank | E1: blank | F1: <Select YES or NO> | G1: <Select Year> | H1: <Select Drive System> | I1: <Select One> | J1: <Select One> | K1: <Select One> | L1: <Select One> | M1: <Select One> | N1: <Select One> | O1: <Select NR or C> | P1: <Select One> | U1: Crit 4 - Vehicle Inventory
A2: Buildings | B2: 40299 | C2: R&D | D2: 43D | E2: Yes per designation ap | F2: YES | G2: FY2018 | H2: 2WD | I2: Y | J2: E | K2: NR | L2: Behav & Training | M2: Null | N2: Complete | O2: NR | P2: 1 | U2: Market Class List | V2: Used for Emergency Response?
A3: Open Space | B3: 40513 | C3: MFR | D3: Local | E3: Yes per AR 2011 | F3: NO | G3: FY2019 | H3: 4WD | I3: N | J3: NE | K3: RR | L3: Building Control | M3: Buildings | N3: Active | O3: C | P3: 2 | U3: <Select One> | V3: <Select One>
A4: Street & Traffic Lights | B4: 40725 | C4: R&D and MFR | E4: No per designation app | F4: Transferred | G4: FY2020 | H4: AWD | I4: NA | K4: C | L4: Exterior Lighting | M4: Open Space | N4: Planned | P4: 3 | U4: Car | V4: Y | W4: =U4&H2 -> Car2WD | X4: 29
A5: Vehicles | B5: 40878 | C5: R&D & MFR & Solar | G5: CY2016 | L5: Interior Lighting | M5: Street & Traffic Lights | N5: Abandoned | P5: 4 | U5: Minivan or Van | V5: N | W5: =U4&H3 -> Car4WD | X5: 24
A6: Water/Sewer | B6: 41091 | C6: Generation; Solar | G6: CY2017 | L6: Fuel Conversion | M6: Vehicles | P6: 5 | U6: Pickup Truck | W6: =U4&H4 -> CarAWD | X6: 24
B7: 41244 | C7: Generation; Wind | G7: CY2018 | L7: Hot Water | M7: Water/Sewer | P7: 6 | U7: Sport Utility Vehicle or SUV | W7: =U5&H2 -> Minivan or Van2WD | X7: 20
B8: 41609 | C8: Generation; Solar & Wind | G8: CY2019 | L8: HVAC | P8: 7 | U8: Other | W8: =U5&H3 -> Minivan or Van4WD | X8: 18
B9: 41974 | L9: Pump/Motor/Drive | P9: 8 | W9: =U5&H4 -> Minivan or VanAWD | X9: 18
B10: 42339 | E10: <Select one> | L10: Refrigeration | P10: 9 | W10: =U6&H2 -> Pickup Truck2WD | X10: 17
B11: 42767 | E11: Application under review | L11: Retrocommission | P11: 10 | W11: =U6&H3 -> Pickup Truck4WD | X11: 16
B12: 43070 | E12: Project approved | L12: Vehicles | P12: 11 | W12: =U6&H4 -> Pickup TruckAWD | X12: 16
B13: 43435 | D13: <select one> | E13: Project denied | L13: Weatherization | P13: 12 | W13: =U7&H2 -> Sport Utility Vehicle or SUV2WD | X13: 21
D14: 0 | L14: Comprehensive | W14: =U7&H3 -> Sport Utility Vehicle or SUV4WD | X14: 18
D15: 1 | L15: Other | W15: =U7&H4 -> Sport Utility Vehicle or SUVAWD | X15: 18
D16: =D15+1 -> 2
D17: =D16+1 -> 3
A18: Building stock change pw = DOER | D18: =D17+1 -> 4
A19: Calculator Worksheet pw = GC | D19: =D18+1 -> 5 | J19: Resource.Type | L19: Site.Type | N19: Own.Generation/Site | P19: Procuring.Energy.Output | S19: Project.Status
D20: =D19+1 -> 6 | J20: Solar PV, Roof | L20: Municipal Building | N20: Y | P20: Y - conventional net metered | S20: Complete
A21: Table 6 pw= DOER | D21: =D20+1 -> 7 | J21: Solar PV, Ground | L21: School | N21: N | P21: Y - virtually net metered | S21: Active
D22: =D21+1 -> 8 | J22: Solar PV, Canopy | L22: Private Building | S22: Planned
A23: Other tabs pw = GC | D23: =D22+1 -> 9 | J23: Solar Thermal | L23: Water/Wastewater Plant | N23: Other | P23: N | S23: Abandoned
D24: =D23+1 -> 10 | J24: Wind | L24: Brownfield - Landfill | P24: Other
D25: =D24+1 -> 11 | J25: Wood, Boiler/Furnace | L25: Brownfield - Not landfill
D26: =D25+1 -> 12 | J26: CHP, Gas | L26: Greenfield
J27: CHP, Wood | L27: Parking Lot
J28: Hydro | L28: Other
J29: Other

Sheet Reference
A2: Conversion Factors
A5: 0.003412 | B5: KWH of Electricity to MMBTU
A6: 0.1 | B6: Therms to MMBTU
A7: 0.139 | B7: Gallons of Fuel Oil to MMBTU
A8: 0.091 | B8: Gallons of Propane to MMBTU
A9: 0.124 | B9: Gallons of Gasoline to MMBTU
A10: 0.139 | B10: Gallons of Diesel to MMBTU
A12: GHG Emissions Conversions | H12: kBtu Conversions
A13: Fuel | B13: CO2 Emissions Factor (lbs CO2/unit) | C13: CO2 Emissions Factor (metric tonnes CO2/unit) | D13: GHG Emissions Factor (lbs CO2e/unit) | E13: GHG Emissions Factor (Metric Tons CO2e/unit) | F13: Reference for GHG emissions | G13: Reference for CO2 emissions | H13: kBtu Conversion Factor | I13: Reference for kBtu conversion
A14: Grid Electricity CY2001 | B14: MassDEP factor calculated CO2e | C14: MassDEP factor calculated CO2e | D14: 1.1892473 | E14: =D14/$B$121 -> 0.00053934118 | F14: MA-based combo from MassDEP based on GHG inventory | H14: 3.412 | I14: http://www.eia.gov/totalenergy/data/annual/pdf/sec12.pdf
A15: Grid Electricity CY2002 | B15: MassDEP factor calculated CO2e | C15: MassDEP factor calculated CO2e | D15: 1.1989247 | E15: =D15/$B$121 -> 0.00054373004 | F15: MA-based combo from MassDEP based on GHG inventory | H15: 3.412 | I15: http://www.eia.gov/totalenergy/data/annual/pdf/sec12.pdf
A16: Grid Electricity CY2003 | B16: MassDEP factor calculated CO2e | C16: MassDEP factor calculated CO2e | D16: 1.2505376 | E16: =D16/$B$121 -> 0.00056713725 | F16: MA-based combo from MassDEP based on GHG inventory | H16: 3.412 | I16: http://www.eia.gov/totalenergy/data/annual/pdf/sec12.pdf
A17: Grid Electricity CY2004 | B17: MassDEP factor calculated CO2e | C17: MassDEP factor calculated CO2e | D17: 1.2182796 | E17: =D17/$B$121 -> 0.00055250774 | F17: MA-based combo from MassDEP based on GHG inventory | H17: 3.412 | I17: http://www.eia.gov/totalenergy/data/annual/pdf/sec12.pdf
A18: Grid Electricity CY2005 | B18: MassDEP factor calculated CO2e | C18: MassDEP factor calculated CO2e | D18: 1.219343 | E18: =D18/$B$121 -> 0.00055299001 | F18: MA-based combo from MassDEP based on GHG inventory | H18: 3.412 | I18: http://www.eia.gov/totalenergy/data/annual/pdf/sec12.pdf
A19: Grid Electricity CY2006 | B19: MassDEP factor calculated CO2e | C19: MassDEP factor calculated CO2e | D19: 1.0848087 | E19: =D19/$B$121 -> 0.00049197675 | F19: MA-based combo from MassDEP based on GHG inventory | H19: 3.412 | I19: http://www.eia.gov/totalenergy/data/annual/pdf/sec12.pdf
A20: Grid Electricity CY2007 | B20: MassDEP factor calculated CO2e | C20: MassDEP factor calculated CO2e | D20: 1.1080456 | E20: =D20/$B$121 -> 0.00050251502 | F20: MA-based combo from MassDEP based on GHG inventory | H20: 3.412 | I20: http://www.eia.gov/totalenergy/data/annual/pdf/sec12.pdf
A21: Grid Electricity CY2008 | B21: MassDEP factor calculated CO2e | C21: MassDEP factor calculated CO2e | D21: 1.02242 | E21: =D21/$B$121 -> 0.00046368252 | F21: MA-based combo from MassDEP based on GHG inventory | H21: 3.412 | I21: http://www.eia.gov/totalenergy/data/annual/pdf/sec12.pdf
A22: Grid Electricity CY2009 | B22: MassDEP factor calculated CO2e | C22: MassDEP factor calculated CO2e | D22: 0.95720227 | E22: =D22/$B$121 -> 0.00043410534 | F22: MA-based combo from MassDEP based on GHG inventory | H22: 3.412 | I22: http://www.eia.gov/totalenergy/data/annual/pdf/sec12.pdf
A23: Grid Electricity CY2010 | B23: MassDEP factor calculated CO2e | C23: MassDEP factor calculated CO2e | D23: 0.96344086 | E23: =D23/$B$121 -> 0.00043693463 | F23: MA-based combo from MassDEP based on GHG inventory | H23: 3.412 | I23: http://www.eia.gov/totalenergy/data/annual/pdf/sec12.pdf
A24: Grid Electricity CY2011 | B24: MassDEP factor calculated CO2e | C24: MassDEP factor calculated CO2e | D24: 0.834 | E24: =D24/$B$121 -> 0.00037823129 | F24: MA-based combo from MassDEP based on GHG inventory | H24: 3.412 | I24: http://www.eia.gov/totalenergy/data/annual/pdf/sec12.pdf
A25: Grid Electricity CY2012 | B25: MassDEP factor calculated CO2e | C25: MassDEP factor calculated CO2e | D25: 0.834 | E25: =D25/$B$121 -> 0.00037823129 | F25: MA-based combo from MassDEP based on GHG inventory | H25: 3.412 | I25: http://www.eia.gov/totalenergy/data/annual/pdf/sec12.pdf
... A40: Grid Electricity FY2014 | B40: MassDEP factor calculated CO2e | C40: MassDEP factor calculated CO2e | D40: 0.89872043 | E40: =D40/$B$121 -> 0.00040758296 | F40: MA-based combo from MassDEP based on GHG inventory | H40: 3.412 | I40: http://www.eia.gov/totalenergy/data/annual/pdf/sec12.pdf
A41: Natural Gas (therms) | B41: =53.06/(0.453592*10) -> 11.697737 | C41: =B41/2205 -> 0.0053050962 | D41: 11.72861 | E41: =D41/$B$121 -> 0.0053190974 | F41: http://www.energystar.gov/ia/business/evaluate_performance/Emissions_Supporting_Doc.pdf | G41: http://www.eia.gov/oiaf/1605/coefficients.html | H41: 100 | I41: http://www.eia.gov/totalenergy/data/annual/pdf/sec12.pdf
A42: Natural Gas (CCF) | B42: =B41*1.023 -> 11.966785 | C42: =B42/2205 -> 0.0054271134 | D42: 11.998358 | E42: =D42/$B$121 -> 0.0054414321 | F42: calculated based off of 1 CCF=1.023 therms | G42: calculated based off of 1 CCF=1.023 therms | H42: 102.3 | I42: http://www.eia.gov/tools/faqs/faq.cfm?id=45&t=8
A43: Oil #2/ Diesel for Buildings (gallons) | B43: =10.15/0.453592 -> 22.376938 | C43: =B43/2205 -> 0.010148271 | D43: 22.494016 | E43: =D43/$B$121 -> 0.010201368 | F43: http://www.energystar.gov/ia/business/evaluate_performance/Emissions_Supporting_Doc.pdf | G43: http://www.eia.gov/oiaf/1605/coefficients.html | H43: 138.69048 | I43: http://www.eia.gov/totalenergy/data/annual/pdf/sec12.pdf
A44: Oil #4 (gallons) | B44: =10.15/0.453592 -> 22.376938 | C44: =B44/2205 -> 0.010148271 | D44: 22.494016 | E44: =D44/$B$121 -> 0.010201368 | F44: http://www.energystar.gov/ia/business/evaluate_performance/Emissions_Supporting_Doc.pdf | G44: http://www.eia.gov/oiaf/1605/coefficients.html | H44: 138.69048 | I44: http://www.eia.gov/totalenergy/data/annual/pdf/sec12.pdf
A45: Oil #6 (gallons) | B45: =11.8/0.453592 -> 26.014568 | C45: =B45/2205 -> 0.01179799 | D45: 26.141554 | E45: =D45/$B$121 -> 0.01185558 | F45: http://www.energystar.gov/ia/business/evaluate_performance/Emissions_Supporting_Doc.pdf | G45: http://www.eia.gov/oiaf/1605/coefficients.html | H45: 149.69048 | I45: http://www.eia.gov/totalenergy/data/annual/pdf/sec12.pdf
A46: On-Site CHP Electricity (kWh) | B46: 0 | C46: 0 | D46: 0 | E46: =D46/$B$121 -> 0 | F46: 0 | G46: 0 | H46: 3.412 | I46: http://www.eia.gov/totalenergy/data/annual/pdf/sec12.pdf
A47: On-Site Hydro (kWh) | B47: 0 | C47: 0 | D47: 0 | E47: =D47/$B$121 -> 0 | F47: 0 | G47: 0 | H47: 3.412 | I47: http://www.eia.gov/totalenergy/data/annual/pdf/sec12.pdf
A48: On-Site Solar PV Electricity (kWh) | B48: 0 | C48: 0 | D48: 0 | E48: =D48/$B$121 -> 0 | F48: 0 | G48: 0 | H48: 3.412 | I48: http://www.eia.gov/totalenergy/data/annual/pdf/sec12.pdf
A49: On-Site Wind Electricity (kWh) | B49: 0 | C49: 0 | D49: 0 | E49: =D49/$B$121 -> 0 | F49: 0 | G49: 0 | H49: 3.412 | I49: http://www.eia.gov/totalenergy/data/annual/pdf/sec12.pdf
A50: Electric Vehicles (kWh) | B50: MassDEP factor calculated CO2e | C50: MassDEP factor calculated CO2e | D50: same as Grid Electricity | E50: same as Grid Electricity | F50: MA-based combo from MassDEP based on GHG inventory | G50: 0 | H50: 0 | I50: 0
A51: Diesel Vehicles (gallons) | B51: =10.15/0.453592 -> 22.376938 | C51: =B51/2205 -> 0.010148271 | D51: 22.376938 | E51: =D51/$B$121 -> 0.010148271 | F51: based on CO2 number, followed guidance from Sharon Webber (DEP) on non-CO2 emissions based on mobile sector of MA GHG emissions total | G51: http://www.eia.gov/oiaf/1605/coefficients.html | H51: 138.69048 | I51: http://www.eia.gov/totalenergy/data/annual/pdf/sec12.pdf
A52: E-85, Ethanol-85 (gallons) | B52: =1.34/0.453592 -> 2.9541967 | C52: =B52/2205 -> 0.0013397718 | D52: 2.9541967 | E52: =D52/$B$121 -> 0.0013397718 | F52: based on CO2 number, followed guidance from Sharon Webber (DEP) on non-CO2 emissions based on mobile sector of MA GHG emissions total | G52: http://www.eia.gov/oiaf/1605/coefficients.html | H52: 84.833333 | I52: http://www.eia.gov/totalenergy/data/annual/pdf/sec12.pdf
A53: Gasoline (gallons) | B53: =8.91/0.453592 -> 19.643204 | C53: =B53/2205 -> 0.0089084824 | D53: 19.643204 | E53: =D53/$B$121 -> 0.0089084824 | F53: based on CO2 number, followed guidance from Sharon Webber (DEP) on non-CO2 emissions based on mobile sector of MA GHG emissions total | G53: http://www.eia.gov/oiaf/1605/coefficients.html | H53: 125.07143 | I53: http://www.eia.gov/totalenergy/data/annual/pdf/sec12.pdf
A54: Propane (gallons) | B54: =5.74/0.453592 -> 12.654544 | C54: =B54/2205 -> 0.0057390223 | D54: 12.78289 | E54: =D54/$B$121 -> 0.005797229 | F54: http://www.energystar.gov/ia/business/evaluate_performance/Emissions_Supporting_Doc.pdf | G54: http://www.eia.gov/oiaf/1605/coefficients.html | H54: 91.333333 | I54: http://www.eia.gov/totalenergy/data/annual/pdf/sec12.pdf
A55: Propane (gallons) Vehicles | B55: =5.74/0.453592 -> 12.654544 | C55: =B55/2205 -> 0.0057390223 | D55: 12.654544 | E55: =D55/$B$121 -> 0.0057390223 | F55: http://www.energystar.gov/ia/business/evaluate_performance/Emissions_Supporting_Doc.pdf | G55: http://www.eia.gov/oiaf/1605/coefficients.html | H55: 91.333333 | I55: http://www.eia.gov/totalenergy/data/annual/pdf/sec12.pdf
A56: Jet Fuel (gallons) | B56: =9.57/0.453592 -> 21.098256 | C56: =B56/2205 -> 0.0095683699 | D56: 21.098256 | E56: =D56/$B$121 -> 0.0095683699 | F56: based on CO2 number, followed guidance from Sharon Webber (DEP) on non-CO2 emissions based on mobile sector of MA GHG emissions total | G56: http://www.eia.gov/oiaf/1605/coefficients.html | H56: 127.5 | I56: http://www.eia.gov/totalenergy/data/annual/pdf/sec12.pdf
A57: Used Vegetable Oil | B57: 0 | C57: 0 | D57: 0 | E57: =D57/$B$121 -> 0 | F57: 0 | G57: 0 | H57: 120 | I57: http://www.theclimateregistry.org/downloads/2012/01/2012-Climate-Registry-Default-Emissions-Factors.pdf
A58: Biodiesel (B100) (gallons) | B58: 0 | C58: 0 | D58: 0 | E58: =D58/$B$121 -> 0 | F58: http://www.eia.gov/oiaf/1605/coefficients.html | G58: http://www.eia.gov/oiaf/1605/coefficients.html | H58: 127.59524 | I58: http://www.eia.gov/totalenergy/data/annual/pdf/sec12.pdf
A59: Biodiesel (B20) (gallons) | B59: =8.12/0.453592 -> 17.90155 | C59: =B59/2205 -> 0.0081186169 | D59: 17.90155 | E59: =D59/$B$121 -> 0.0081186169 | F59: based on CO2 number, followed guidance from Sharon Webber (DEP) on non-CO2 emissions based on mobile sector of MA GHG emissions total | G59: http://www.eia.gov/oiaf/1605/coefficients.html | H59: 136 | I59: Calculated based on B100+diesel, did not round to give Bio credit
A60: Biodiesel (B5) (gallons) | B60: =9.64/0.453592 -> 21.252579 | C60: =B60/2205 -> 0.009638358 | D60: 21.252579 | E60: =D60/$B$121 -> 0.009638358 | F60: based on CO2 number, followed guidance from Sharon Webber (DEP) on non-CO2 emissions based on mobile sector of MA GHG emissions total | G60: http://www.eia.gov/oiaf/1605/coefficients.html | H60: 138 | I60: Calculated based on B100+diesel, did not round to give Bio credit
A61: CNG (gallons) | B61: =(0.0545*126.67)/0.453592 -> 15.219658 | C61: =B61/2205 -> 0.0069023391 | D61: 15.219658 | E61: =D61/$B$121 -> 0.0069023391 | F61: based on CO2 number, followed guidance from Sharon Webber (DEP) on non-CO2 emissions based on mobile sector of MA GHG emissions total | G61: http://www.theclimateregistry.org/downloads/2013/01/2013-Climate-Registry-Default-Emissions-Factors.pdf; 1 Gallon Gasoline Equivalent = 126.67 SCF- CNG is typically sold in GGE instead of SCF | H61: 22.453 | I61: http://www.afdc.energy.gov/pdfs/afv_info.pdf
A62: LNG (gallons) | B62: =4.46/0.453592 -> 9.8326249 | C62: =B62/2205 -> 0.0044592403 | D62: 9.8326249 | E62: =D62/$B$121 -> 0.0044592403 | F62: based on CO2 number, followed guidance from Sharon Webber (DEP) on non-CO2 emissions based on mobile sector of MA GHG emissions total | G62: http://www.theclimateregistry.org/downloads/2013/01/2013-Climate-Registry-Default-Emissions-Factors.pdf | H62: 84.82 | I62: http://www.afdc.energy.gov/pdfs/afv_info.pdf
A63: Purchased Steam (mlbs) | B63: EPA only calculated CO2e for district steam | C63: EPA only calculated CO2e for district steam | D63: 207.82179 | E63: =D63/$B$121 -> 0.094250243 | F63: http://www.energystar.gov/ia/business/evaluate_performance/Emissions_Supporting_Doc.pdf | G63: based on ave of Boston & Cambridge calculated data T:\LBE\Agency-Campus Energy-GHG Tracking & Reporting\LBE Database\Account Updates from Agency\Steam | H63: 1194 | I63: https://www.energystar.gov/ia/business/tools_resources/target_finder/help/Energy_Units_Conversion_Table.htm
A64: Coal (tons) | B64: =(93.28*20191.5)/(0.453592*1000) -> 4152.3288 | C64: =B64/2205 -> 1.8831423 | D64: 4192.1653 | E64: =D64/$B$121 -> 1.9012088 | F64: http://www.energystar.gov/ia/business/evaluate_performance/Emissions_Supporting_Doc.pdf | G64: http://www.eia.gov/oiaf/1605/coefficients.html | H64: 20191.5 | I64: http://www.eia.gov/totalenergy/data/annual/pdf/sec12.pdf
A65: Wood Pellets (tons) | B65: 0 | C65: 0 | D65: 0 | E65: =D65/$B$121 -> 0 | F65: based upon guidance from Dwayne Breger & Rob Rizzo | G65: based upon guidance from Dwayne Breger & Rob Rizzo | H65: 16500 | I65: www.eia.gov/neic/experts/heatcalc.xls
A66: Cord Wood (chord) | B66: 0 | C66: 0 | D66: 0 | E66: =D66/$B$121 -> 0 | F66: based upon guidance from Dwayne Breger & Rob Rizzo | G66: based upon guidance from Dwayne Breger & Rob Rizzo | H66: 22000 | I66: www.eia.gov/neic/experts/heatcalc.xls
I67: How to calculate Energy Use Intensity (EUI) for a building/s: add up all kBtu totals for all building/s energy consumption and divide by the building or site square footage.
A73: Energy Efficiency Equivalencies
A74: Fuel | B74: Equivalency Factor (divide by factor) | C74: Reference to calculate equivalents | D74: Comments
A75: MA Homes powered by Electricity per year (kWh) CY2012 | B75: 7600 | C75: US EIA 2011 data for Mass., with corroboration from MassDOER on kWh and therms; DOER data for heating oil
A76: MA Homes heated by Natural Gas per year (therms) CY2012 | B76: 943
A77: MA Homes heated by Oil per year (gallons) CY2012 | B77: 800
A78: MA Homes total energy use (MMBtu) CY2012 | B78: 129
A79: MA Homes powered by Electricity per year (kWh) CY2011 | B79: 7200 | C79: US EIA 2010 data for Mass., with corroboration from MassDOER on kWh and therms; DOER data for heating oil
A80: MA Homes heated by Natural Gas per year (therms) CY2011 | B80: 1020
A81: MA Homes heated by Oil per year (gallons) CY2011 | B81: 800
A82: MA Homes total energy use (MMBtu) CY2011 | B82: 131.2
A83: U.S. Vehicle GHG emissions per year | B83: 4.75 | C83: http://www.epa.gov/cleanenergy/energy-resources/refs.html#vehicles | D83: Formula allows for MA specific number in the future if interested
A84: If colored green, please edit upon release of updated numbers
A86: Terms of Art
A87: Use: | B87: Instead of:
A88: Clean Energy | B88: Green
A89: Combined Heat and Power (CHP) | B89: Co-generation
A90: Wind Turbines | B90: Windmills
A91: Ground Source Heat Pumps (GSHP) | B91: Geothermal
A92: Massachusetts Homes for electricity and gas equivalences
A93: National car equivalencies
A96: MA Capacity Factors
A97: Renewable | B97: Factor | C97: Reference
A98: Solar Capacity | B98: 0.13 | C98: Class I Regulations
A99: Wind Capacity, land-based | B99: 0.26
A100: Wind Capacity, offshore | B100: 0.38
A103: Energy Efficiency Equivalencies
A104: Unit | B104: Factor (Multiply by factor) | C104: Resulting Unit
A105: short ton | B105: 1.10231 | C105: metric ton
A106: Megawatt (MW) | B106: 1000 | C106: kilowatts (kW)
A107: kilowatts (kW) | B107: 8760 | C107: kilowatt hours (kWh)
A108: Gigawatt (GW) | B108: 1000000 | C108: kilowatts (kW)
A109: therm | B109: 100 | C109: kBtu
A110: kBtu | B110: 1000 | C110: Btu
A111: MMBtu | B111: 1000000 | C111: Btu
A112: MMBtu | B112: 10 | C112: therm
A114: Fuel | B114: Factor | C114: Unit | D114: Reference
A115: Petroleum (barrel (bbl)) | B115: 42 | C115: U.S. gallons (gal) | D115: http://www.eia.gov/totalenergy/data/annual/pdf/sec12.pdf
A116: Coal (1 short ton) | B116: 2000 | C116: pounds (lb) | D116: http://www.eia.gov/totalenergy/data/annual/pdf/sec12.pdf
A117: Coal (1 long ton) | B117: 2240 | C117: pounds (lb) | D117: http://www.eia.gov/totalenergy/data/annual/pdf/sec12.pdf
A118: Coal (1 metric ton) | B118: 1000 | C118: kilograms (kg) | D118: http://www.eia.gov/totalenergy/data/annual/pdf/sec12.pdf
A119: wood (1 cord (cd)) | B119: 1.25 | C119: short tons | D119: http://www.eia.gov/totalenergy/data/annual/pdf/sec12.pdf
A120: wood (1 cord (cd)) | B120: 128 | C120: cubic feet (ft3) | D120: http://www.eia.gov/totalenergy/data/annual/pdf/sec12.pdf
A121: CO2 (1 metric ton) | B121: 2205 | C121: pounds (lb)

Sheet Sheet1

Sheet Sheet2

Sheet Sheet3

Sheet Sheet5

Sheet Sheet6
